Workbook
Name AreaTeste: #REF!
Name AreaTeste: #REF!
Name AreaTeste: #REF!
Name AreaTeste2: #REF!
Name AreaTeste2: #REF!
Name AreaTeste2: #REF!
Name ART_RRT: #REF!
Name ART_RRT: [1]DADOS!$B$16
Name ART_RRT: [2]DADOS!$B$16
Name ART_RRT: #REF!
Name ART_RRT: #REF!
Name BASE_CPOS_I: #REF!
Name BASE_CPOS_I: [3]REFERÊNCIAS!#REF!
Name BASE_CPOS_I: #REF!
Name BASE_CPOS_I: #REF!
Name BASE_CPOS_SERV: #REF!
Name BASE_CPOS_SERV: [3]REFERÊNCIAS!#REF!
Name BASE_CPOS_SERV: [2]REFERÊNCIAS!$C$10
Name BASE_CPOS_SERV: #REF!
Name BASE_CPOS_SERV: #REF!
Name BASE_EDIF: #REF!
Name BASE_EDIF: [3]REFERÊNCIAS!$C$10
Name BASE_EDIF: [2]REFERÊNCIAS!$C$12
Name BASE_EDIF: #REF!
Name BASE_EDIF: #REF!
Name BASE_EDIF_INFRA: #REF!
Name BASE_EDIF_INFRA: #REF!
Name BASE_EDIF_INFRA: #REF!
Name BASE_EDIF_INFRA: #REF!
Name BASE_SINAPI: #REF!
Name BASE_SINAPI: [3]REFERÊNCIAS!$C$8
Name BASE_SINAPI: [2]REFERÊNCIAS!$C$8
Name BASE_SINAPI: #REF!
Name BASE_SINAPI: #REF!
Name BASE_SINAPI_I: #REF!
Name BASE_SINAPI_I: #REF!
Name BASE_SINAPI_I: #REF!
Name BASE_SINAPI_I: #REF!
Name BASE_TCPO: #REF!
Name BASE_TCPO: [3]REFERÊNCIAS!#REF!
Name BASE_TCPO: [2]REFERÊNCIAS!#REF!
Name BASE_TCPO: #REF!
Name BASE_TCPO: #REF!
Name BDI: #REF!
Name BDI: 'BDI 2'!$K$29
Name BDI: [2]REFERÊNCIAS!$B$4
Name BDI: #REF!
Name BDI: #REF!
Name BOOLEANA: '[1]DADOS E VALIDAÇÕES (ocultar)'!$D$17:$D$19
Name BOOLEANA: '[2]DADOS E VALIDAÇÕES (ocultar)'!$D$17:$D$19
Name BOOLEANA: 'DADOS E VALIDAÇÕES (ocultar)'!$D$17:$D$19
Name BuiltIn_Print_Area: #REF!
Name BuiltIn_Print_Area: #REF!
Name BuiltIn_Print_Area: #REF!
Name BuiltIn_Print_Area: #REF!
Name BuiltIn_Print_Area: #REF!
Name BuiltIn_Print_Area: #REF!
Name BuiltIn_Print_Area___0: #REF!
Name BuiltIn_Print_Area___0: #REF!
Name BuiltIn_Print_Area___0: #REF!

Sheet PLANILHA
D1: PREFEITURA MUNICIPAL DE SÃO CAETANO DO SUL
D2: SECRETARIA DE OBRAS E HABITAÇÃO - SEOHAB
D3: OBRAS PÚBLICAS - DO2
C5: CONTRATAÇÃO DE EMPRESA ESPECIALIZADA PARA EXECUÇÃO DE INSTALAÇÃO ELÉTRICA PROVISÓRIA E SERVIÇOS CORRELATOS NA RUA MARIANO PAMPLONA, PARA REALIZAÇÃO DA 33ª FESTA ITALIANA, NO BAIRRO FUNDAÇÃO, NESTE MUNICÍPIO
C8: PREGÃO ELETRÔNICO 25/2026
I10: BDI 1: | J10: 0.25
B11: ITEM | C11: ORIGEM | D11: CÓD. | E11: DESCRITIVO | F11: UN | G11: QUANT. | H11: VALOR UNIT. | I11: BDI APLICADO | J11: VALOR UNIT. BDI | K11: VALOR TOTAL
B12: 1 | E12: CANTEIRO DE APOIO P/ MONTAGEM E DESMONTAGEM | I12: 3.46% | J12: SUBTOTAL | K12: R$ -
B13: 1.1 | C13: CDHU | D13: 02.01.021 | E13: CONSTRUÇÃO PROVISÓRIA EM MADEIRA - FORNECIMENTO E MONTAGEM | F13: M2 | G13: 20 | I13: BDI 1 | K13: R$ -
B14: 2 | E14: MÃO-DE-OBRA - EQUIPE DE MANUTENÇÃO, APOIO TÉCNICO E DESMONTAGEM | I14: 0.0701 | J14: SUBTOTAL | K14: R$ -
B15: 2.1 | C15: SINAPI | D15: 88264 | E15: ELETRICISTA COM ENCARGOS COMPLEMENTARES | F15: H | G15: 192 | I15: BDI 1 | K15: R$ -
B16: 2.2 | C16: SINAPI | D16: 88247 | E16: AUXILIAR DE ELETRICISTA COM ENCARGOS COMPLEMENTARES | F16: H | G16: 192 | I16: BDI 1 | K16: R$ -
B17: 2.3 | C17: SINAPI | D17: 88252 | E17: AUXILIAR DE SERVIÇOS GERAIS COM ENCARGOS COMPLEMENTARES | F17: H | G17: 192 | I17: BDI 1 | K17: R$ -
B18: 2.4 | C18: CDHU | D18: 02.01.200 | E18: DESMOBILIZAÇÃO DE CONSTRUÇÃO PROVISÓRIA | F18: M2 | G18: 20 | I18: BDI 1 | K18: R$ -
B19: 2.5 | C19: CDHU | D19: 05.07.040 | E19: REMOÇÃO DE ENTULHO SEPARADO DE OBRA COM CAÇAMBA METÁLICA - TERRA, ALVENARIA, CONCRETO, ARGAMASSA, MADEIRA, PAPEL, PLÁSTICO OU METAL | F19: M3 | G19: 18 | I19: BDI 1 | K19: R$ -
B20: 3 | E20: SERVIÇOS TÉCNICOS - CONCESSIONÁRIA | I20: 0.0152 | J20: SUBTOTAL | K20: R$ -
B21: 3.1 | C21: COMPOSIÇÃO | D21: CPU-001 | E21: TRÂMITES E HOMOLOGAÇÃO DE LIGAÇÃO COM CONCESSIONÁRIA | F21: GL | G21: 1 | I21: BDI 1 | K21: R$ -
B22: 4 | E22: SERVIÇOS TÉCNICOS - CBPMESP | I22: 0.0962 | J22: SUBTOTAL | K22: R$
B23: 4.1 | C23: COMPOSIÇÃO | D23: CPU-006 | E23: SERVIÇOS TÉCNICOS PROFISSIONAIS PARA PREVENÇÃO E COMBATE A INCÊNDIO | F23: UNIDADE | G23: 1 | I23: BDI 1 | K23: R$ -
B24: 4.2 | C24: COMPOSIÇÃO | D24: CPU-007 | E24: FORNECIMENTO E INSTALAÇÃO COMPLETA DE LUMINÁRIAS DE EMERGÊNCIA COM 2 FARÓIS LED | F24: UNIDADE | G24: 25 | I24: BDI 1 | K24: R$ -
B25: 4.3 | C25: CDHU | D25: 50.10.110 | E25: EXTINTOR MANUAL DE PÓ QUÍMICO SECO ABC - CAPACIDADE DE 4 KG | F25: UN | G25: 40 | I25: BDI 1 | K25: R$ -
B26: 4.4 | C26: CDHU | D26: 97.02.194 | E26: PLACA DE SINALIZAÇÃO EM PVC FOTOLUMINESCENTE (150X150MM), COM INDICAÇÃO DE EQUIPAMENTOS DE COMBATE À INCÊNDIO E ALARME | F26: UN | G26: 40 | I26: BDI 1 | K26: R$ -
B27: 4.5 | C27: CDHU | D27: 97.02.195 | E27: PLACA DE SINALIZAÇÃO EM PVC FOTOLUMINESCENTE (240X120MM), COM INDICAÇÃO DE ROTA DE EVACUAÇÃO E SAÍDA DE EMERGÊNCIA | F27: UN | G27: 23 | I27: BDI 1 | K27: R$ -
B28: 5 | E28: LIGAÇÕES ELÉTRICAS - BARRACAS | I28: 0.1342 | J28: SUBTOTAL
B29: 5.1 | C29: COMPOSIÇÃO | D29: CPU-002 | E29: INSTALAÇÕES ELÉTRICAS PARA BARRACA TIPO 1 | F29: UNIDADE | G29: 10 | I29: BDI 1 | K29: R$ -
B30: 5.2 | C30: COMPOSIÇÃO | D30: CPU-003 | E30: INSTALAÇÕES ELÉTRICAS PARA BARRACA TIPO 2 | F30: UNIDADE | G30: 25 | I30: BDI 1 | K30: R$ -
B31: 6 | E31: PRAÇA ERMELINO MATARAZZO | I31: 0.182 | J31: SUBTOTAL
B32: 6.1 | C32: COMPOSIÇÃO | D32: CPU-004 | E32: FESTÃO DECORATIVO | F32: UNIDADE | G32: 1 | I32: BDI 1 | K32: R$ -
B33: 6.2 | C33: COMPOSIÇÃO | D33: CPU-005 | E33: ILUMINAÇÃO DECORATIVA DA FACHADA DA IGREJA - FITA LED | F33: M | G33: 300 | I33: BDI 1 | K33: R$ -
B34: 7 | E34: CIRCULAÇÃO - EQUIPAMENTOS E ILUMINAÇÃO | I34: 0.0251 | J34: SUBTOTAL | K34: R$
B35: 7.1 | C35: SIURB-EDIF | D35: 09-009-040 | E35: PROJETOR DE SOBREPOR LED DE 200W IP 65 | F35: UN | G35: 16 | I35: BDI 1 | K35: R$ -
B36: 7.2 | C36: CDHU | D36: 40.05.020 | E36: INTERRUPTOR SIMPLES COM 1 TECLA E PLACA | F36: CJ | G36: 4 | I36: BDI 1 | K36: R$ -
B37: 7.3 | C37: CDHU | D37: 61.15.020 | E37: TOMADA SIMPLES DE SOBREPOR UNIVERSAL 2P+T - 10 A - 250 V | F37: UN | G37: 4 | I37: BDI 1 | K37: R$ -
B38: 7.4 | C38: CDHU | D38: 40.07.010 | E38: CAIXA EM PVC DE 4´ X 2´ | F38: UN | G38: 8 | I38: BDI 1 | K38: R$ -
B39: 7.5 | C39: CDHU | D39: 39.21.030 | E39: CABO DE COBRE FLEXÍVEL DE 4 MM², ISOLAMENTO 0,6/1KV - ISOLAÇÃO HEPR 90°C | F39: M | G39: 942 | I39: BDI 1 | K39: R$ -
B40: 8 | E40: ALIMENTADORES E CONEXÕES | I40: 0.3728 | J40: SUBTOTAL | K40: R$
B41: 8.1 | C41: CDHU | D41: 29.03.010 | E41: CABO EM AÇO GALVANIZADO COM ALMA DE AÇO, DIÂMETRO DE 3/16´ (4,76 MM) | F41: M | G41: 520 | I41: BDI 1 | K41: R$ -
B42: 8.2 | C42: CDHU | D42: 39.21.125 | E42: CABO DE COBRE FLEXÍVEL DE 150 MM², ISOLAMENTO 0,6/1 KV - ISOLAÇÃO HEPR 90°C | F42: M | G42: 60 | I42: BDI 1 | K42: R$ -
B43: 8.3 | C43: CDHU | D43: 39.21.070 | E43: CABO DE COBRE FLEXÍVEL DE 25 MM², ISOLAMENTO 0,6/1KV - ISOLAÇÃO HEPR 90°C | F43: M | G43: 3520 | I43: BDI 1 | K43: R$ -
B44: 8.4 | C44: CDHU | D44: 42.05.190 | E44: HASTE DE ATERRAMENTO DE 3/4´ X 3 M | F44: UN | G44: 1 | I44: BDI 1 | K44: R$ -
B45: 8.5 | C45: CDHU | D45: 42.05.110 | E45: CONECTOR CABO/HASTE DE 3/4´ | F45: UN | G45: 1 | I45: BDI 1 | K45: R$ -
B46: 8.6 | C46: CDHU | D46: 36.03.020 | E46: CAIXA DE MEDIÇÃO POLIFÁSICA (500 X 600 X 200) MM, PADRÃO CONCESSIONÁRIAS | F46: UN | G46: 1 | I46: BDI 1 | K46: R$ -
B47: 8.7 | C47: SIURB-EDIF | D47: 09-005-084 | E47: QUADRO DE DISTRIBUIÇÃO EM PVC - PARA ATÉ 32 DISJUNTORES | F47: UN | G47: 1 | I47: BDI 1 | K47: R$ -
B48: 8.8 | C48: CDHU | D48: 37.14.310 | E48: CHAVE SECCIONADORA SOB CARGA, TRIPOLAR, ACIONAMENTO ROTATIVO, COM PROLONGADOR, SEM PORTA-FUSÍVEL, DE 250 A | F48: UN | G48: 2 | I48: BDI 1 | K48: R$ -
B49: 8.9 | C49: CDHU | D49: 37.14.320 | E49: CHAVE SECCIONADORA SOB CARGA, TRIPOLAR, ACIONAMENTO ROTATIVO, COM PROLONGADOR, SEM PORTA-FUSÍVEL, DE 400 A | F49: UN | G49: 2 | I49: BDI 1 | K49: R$ -
B50: 9 | E50: SANITÁRIOS - FECHAMENTO PROVISÓRIO | I50: 0.0616 | J50: SUBTOTAL | K50: R$ -
B51: 9.1 | C51: SIURB-EDIF | D51: 09-009-040 | E51: PROJETOR DE SOBREPOR LED DE 200W IP 65 | F51: UN | G51: 4 | I51: BDI 1 | K51: R$ -
B52: 9.2 | C52: CDHU | D52: 39.21.030 | E52: CABO DE COBRE FLEXÍVEL DE 4 MM², ISOLAMENTO 0,6/1KV - ISOLAÇÃO HEPR 90°C | F52: M | G52: 180 | I52: BDI 1 | K52: R$ -
B53: 9.3 | C53: CDHU | D53: 02.03.110 | E53: TAPUME MÓVEL PARA FECHAMENTO DE ÁREAS | F53: M2 | G53: 110 | I53: BDI 1 | K53: R$ -
B54: 9.4 | C54: CDHU | D54: 33.10.020 | E54: TINTA LÁTEX EM MASSA, INCLUSIVE PREPARO | F54: M2 | G54: 220 | I54: BDI 1 | K54: R$ -
B55: 10 | E55: ESTACIONAMENTO E ÁREAS DE APOIO | I55: 0.0082 | J55: SUBTOTAL | K55: R$ -
B56: 10.1 | C56: SIURB-EDIF | D56: 09-009-040 | E56: PROJETOR DE SOBREPOR LED DE 200W IP 65 | F56: UN | G56: 6 | I56: BDI 1 | K56: R$ -
B57: 10.2 | C57: CDHU | D57: 39.21.030 | E57: CABO DE COBRE FLEXÍVEL DE 4 MM², ISOLAMENTO 0,6/1KV - ISOLAÇÃO HEPR 90°C | F57: M | G57: 300 | I57: BDI 1 | K57: R$ -
J59: TOTAL | K59: R$ -

Sheet MEMÓRIA
D1: PREFEITURA MUNICIPAL DE SÃO CAETANO DO SUL
D2: SECRETARIA DE OBRAS E HABITAÇÃO - SEOHAB
D3: OBRAS PÚBLICAS - DO2
B5: ITEM REFERÊNCIA | D5: DESCRIÇÃO | E5: UNIDADE | H5: CÁLCULO DE MEDIDAS | R5: QUANTIDADE TOTAL
D6: PREMISSAS DA OBRA
D8: DURAÇÃO DA OBRA | F8: meses | J8: EMPOLAMENTO ENTULHO | L8: 0.3 | N8: (critério SIURB)
D9: DMT - ENTULHO | F9: km | J9: EMPOLAMENTO TERRA | L9: 0.25 | N9: (critério SIURB)
D10: DMT - TERRA | F10: km | J10: PESOS ESPECÍFICICOS | N10: =IFERROR(VLOOKUP(L10,'PESO DOS MATERIAIS'!$A$4:$B$53,2,FALSE),"") | P10: KG/M3
B12: =PLANILHA!B13 -> 1.1 | D12: =VLOOKUP($B12,PLANILHA!$B$12:$K$601,4,FALSE) -> CONSTRUÇÃO PROVISÓRIA EM MADEIRA - FORNECIMENTO E MONTAGEM
B13: =PLANILHA!B14 -> 2 | D13: =VLOOKUP($B13,PLANILHA!$B$12:$K$601,4,FALSE) -> MÃO-DE-OBRA - EQUIPE DE MANUTENÇÃO, APOIO TÉCNICO E DESMONTAGEM | E13: =VLOOKUP($B13,PLANILHA!$B$12:$K$601,5,FALSE) -> 0 | P13: QUANTIDADE | Q13: = | R13: =R18 -> 20
L14: COMPRIMENTO | M14: X | N14: ALTURA | O14: X | P14: QUANTIDADE | Q14: = | R14: TOTAL
D16: FECHAMENTO DAS LATERAIS - CANTEIRO | L16: 2.5 | M16: X | N16: 2 | O16: X | P16: 4 | Q16: = | R16: =ROUND(L16*N16*P16,4) -> 20
P18: TOTAL CALCULADO DO ITEM | Q18: = | R18: =SUM(R15:R17) -> 20
B19: =PLANILHA!B15 -> 2.1 | D19: =VLOOKUP($B19,PLANILHA!$B$12:$K$601,4,FALSE) -> ELETRICISTA COM ENCARGOS COMPLEMENTARES
B20: =PLANILHA!B16 -> 2.2 | D20: =VLOOKUP($B20,PLANILHA!$B$12:$K$601,4,FALSE) -> AUXILIAR DE ELETRICISTA COM ENCARGOS COMPLEMENTARES | E20: =VLOOKUP($B20,PLANILHA!$B$12:$K$601,5,FALSE) -> H | P20: QUANTIDADE | Q20: = | R20: =R25 -> 192
J21: FUNCIONÁRIOS | K21: X | L21: HORAS | M21: X | N21: DIAS | O21: X | P21: QUANTIDADE | Q21: = | R21: TOTAL
D23: ACOMPANHAMENTO DO EVENTO | J23: 2 | K23: X | L23: 12 | M23: X | N23: 2 | O23: X | P23: 4 | Q23: = | R23: =ROUND(J23*L23*N23*P23,4) -> 192
P25: TOTAL CALCULADO DO ITEM | Q25: = | R25: =SUM(R22:R24) -> 192
B26: =PLANILHA!B17 -> 2.3 | D26: =VLOOKUP($B26,PLANILHA!$B$12:$K$601,4,FALSE) -> AUXILIAR DE SERVIÇOS GERAIS COM ENCARGOS COMPLEMENTARES | E26: =VLOOKUP($B26,PLANILHA!$B$12:$K$601,5,FALSE) -> H | P26: QUANTIDADE | Q26: = | R26: =R31 -> 192
J27: FUNCIONÁRIOS | K27: X | L27: HORAS | M27: X | N27: DIAS | O27: X | P27: QUANTIDADE | Q27: = | R27: TOTAL
D29: ACOMPANHAMENTO DO EVENTO | J29: 2 | K29: X | L29: 12 | M29: X | N29: 2 | O29: X | P29: 4 | Q29: = | R29: =ROUND(J29*L29*N29*P29,4) -> 192
P31: TOTAL CALCULADO DO ITEM | Q31: = | R31: =SUM(R28:R30) -> 192
B32: =PLANILHA!B18 -> 2.4 | D32: =VLOOKUP($B32,PLANILHA!$B$12:$K$601,4,FALSE) -> DESMOBILIZAÇÃO DE CONSTRUÇÃO PROVISÓRIA | E32: =VLOOKUP($B32,PLANILHA!$B$12:$K$601,5,FALSE) -> M2 | P32: QUANTIDADE | Q32: = | R32: =R37 -> 192
J33: FUNCIONÁRIOS | K33: X | L33: HORAS | M33: X | N33: DIAS | O33: X | P33: QUANTIDADE | Q33: = | R33: TOTAL
D35: ACOMPANHAMENTO DO EVENTO | J35: 2 | K35: X | L35: 12 | M35: X | N35: 2 | O35: X | P35: 4 | Q35: = | R35: =ROUND(J35*L35*N35*P35,4) -> 192
P37: TOTAL CALCULADO DO ITEM | Q37: = | R37: =SUM(R34:R36) -> 192
B38: =PLANILHA!B19 -> 2.5 | D38: =VLOOKUP($B38,PLANILHA!$B$12:$K$601,4,FALSE) -> REMOÇÃO DE ENTULHO SEPARADO DE OBRA COM CAÇAMBA METÁLICA - TERRA, ALVENARIA, CONCRETO, ARGAMASSA, MADEIRA, PAPEL, PLÁSTICO OU METAL | E38: =VLOOKUP($B38,PLANILHA!$B$12:$K$601,5,FALSE) -> M3 | P38: QUANTIDADE | Q38: = | R38: =R43 -> 20
P39: QUANTIDADE | Q39: = | R39: TOTAL
D41: SERVIÇO CORRELATO AO ITEM | E41: =B13 -> 2 | P41: =R18 -> 20 | Q41: = | R41: =P41 -> 20
P43: TOTAL CALCULADO DO ITEM | Q43: = | R43: =SUM(R40:R42) -> 20
B44: =PLANILHA!B20 -> 3 | D44: =VLOOKUP($B44,PLANILHA!$B$12:$K$601,4,FALSE) -> SERVIÇOS TÉCNICOS - CONCESSIONÁRIA | E44: =VLOOKUP($B44,PLANILHA!$B$12:$K$601,5,FALSE) -> 0 | P44: QUANTIDADE | Q44: = | R44: =R49 -> 18
L45: CAÇAMBAS | M45: X | N45: VOLUME | O45: X | P45: QUANTIDADE | Q45: = | R45: TOTAL
D47: REMOÇÃO DOS ITENS | E47: =B13 -> 2 | L47: 3 | M47: X | N47: 6 | O47: X | P47: 1 | Q47: = | R47: =ROUND(L47*N47*P47,4) -> 18
P49: TOTAL CALCULADO DO ITEM | Q49: = | R49: =SUM(R46:R48) -> 18
B50: =PLANILHA!B21 -> 3.1 | D50: =VLOOKUP($B50,PLANILHA!$B$12:$K$601,4,FALSE) -> TRÂMITES E HOMOLOGAÇÃO DE LIGAÇÃO COM CONCESSIONÁRIA
B51: =PLANILHA!B22 -> 4 | D51: =VLOOKUP($B51,PLANILHA!$B$12:$K$601,4,FALSE) -> SERVIÇOS TÉCNICOS - CBPMESP | E51: =VLOOKUP($B51,PLANILHA!$B$12:$K$601,5,FALSE) -> 0 | P51: QUANTIDADE | Q51: = | R51: =R56 -> 1
P52: QUANTIDADE | Q52: = | R52: TOTAL
D54: HOMOLOGAÇÃO DA ENTRADA DE ENERGIA PROVISÓRIA | P54: 1 | Q54: = | R54: =P54 -> 1
P56: TOTAL CALCULADO DO ITEM | Q56: = | R56: =SUM(R53:R55) -> 1
B57: =PLANILHA!B23 -> 4.1 | D57: =VLOOKUP($B57,PLANILHA!$B$12:$K$601,4,FALSE) -> SERVIÇOS TÉCNICOS PROFISSIONAIS PARA PREVENÇÃO E COMBATE A INCÊNDIO
B58: =PLANILHA!B24 -> 4.2 | D58: =VLOOKUP($B58,PLANILHA!$B$12:$K$601,4,FALSE) -> FORNECIMENTO E INSTALAÇÃO COMPLETA DE LUMINÁRIAS DE EMERGÊNCIA COM 2 FARÓIS LED | E58: =VLOOKUP($B58,PLANILHA!$B$12:$K$601,5,FALSE) -> UNIDADE | P58: QUANTIDADE | Q58: = | R58: =R63 -> 1
P59: QUANTIDADE | Q59: = | R59: TOTAL
D61: FORMAÇÃO DE BRIGADA P/ OBTENÇÃO DO AVCB | P61: 1 | Q61: = | R61: =P61 -> 1
P63: TOTAL CALCULADO DO ITEM | Q63: = | R63: =SUM(R60:R62) -> 1
B64: =PLANILHA!B25 -> 4.3 | D64: =VLOOKUP($B64,PLANILHA!$B$12:$K$601,4,FALSE) -> EXTINTOR MANUAL DE PÓ QUÍMICO SECO ABC - CAPACIDADE DE 4 KG | E64: =VLOOKUP($B64,PLANILHA!$B$12:$K$601,5,FALSE) -> UN | P64: QUANTIDADE | Q64: = | R64: =R70 -> 25
L65: COMPRIMENTO | M65: / | N65: DISTÂNCIA MÁXIMA | O65: X | P65: QUANTIDADE | Q65: = | R65: TOTAL
D67: INSTALAÇÃO DE LUMINÁRIAS DE EMERGÊNCIA | L67: 340 | M67: / | N67: 15 | O67: X | P67: 1 | Q67: = | R67: =ROUND(L67/N67,0) -> 23
D68: INSTALAÇÃO NAS SAÍDAS CONFORME NORMATIVA | P68: 2 | Q68: = | R68: =P68 -> 2
P70: TOTAL CALCULADO DO ITEM | Q70: = | R70: =SUM(R66:R69) -> 25
B71: =PLANILHA!B26 -> 4.4 | D71: =VLOOKUP($B71,PLANILHA!$B$12:$K$601,4,FALSE) -> PLACA DE SINALIZAÇÃO EM PVC FOTOLUMINESCENTE (150X150MM), COM INDICAÇÃO DE EQUIPAMENTOS DE COMBATE À INCÊNDIO E ALARME | E71: =VLOOKUP($B71,PLANILHA!$B$12:$K$601,5,FALSE) -> UN | P71: QUANTIDADE | Q71: = | R71: =R77 -> 40
P72: QUANTIDADE | Q72: = | R72: TOTAL
D74: INSTALAÇÃO P/ APOIO E PROTEÇÃO - 1 UNIDADE POR ENTIDADE - BARRACAS TIPO 1 | E74: =B91 -> 5.2 | P74: 15 | Q74: = | R74: =P74 -> 15
D75: INSTALAÇÃO P/ APOIO E PROTEÇÃO - 1 UNIDADE POR ENTIDADE - BARRACAS TIPO 2 | E75: =B132 -> 6 | P75: =R137 -> 25 | Q75: = | R75: =P75 -> 25
P77: TOTAL CALCULADO DO ITEM | Q77: = | R77: =SUM(R73:R76) -> 40
B78: =PLANILHA!B27 -> 4.5 | D78: =VLOOKUP($B78,PLANILHA!$B$12:$K$601,4,FALSE) -> PLACA DE SINALIZAÇÃO EM PVC FOTOLUMINESCENTE (240X120MM), COM INDICAÇÃO DE ROTA DE EVACUAÇÃO E SAÍDA DE EMERGÊNCIA | E78: =VLOOKUP($B78,PLANILHA!$B$12:$K$601,5,FALSE) -> UN | P78: QUANTIDADE | Q78: = | R78: =R83 -> 40
P79: QUANTIDADE | Q79: = | R79: TOTAL
D81: SERVIÇO CORRELATO AO ITEM | E81: =B71 -> 4.4 | P81: =R77 -> 40 | Q81: = | R81: =P81 -> 40
P83: TOTAL CALCULADO DO ITEM | Q83: = | R83: =SUM(R80:R82) -> 40
B84: =PLANILHA!B28 -> 5 | D84: =VLOOKUP($B84,PLANILHA!$B$12:$K$601,4,FALSE) -> LIGAÇÕES ELÉTRICAS - BARRACAS | E84: =VLOOKUP($B84,PLANILHA!$B$12:$K$601,5,FALSE) -> 0 | P84: QUANTIDADE | Q84: = | R84: =R89 -> 23
L85: COMPRIMENTO | M85: / | N85: DISTÂNCIA MÁXIMA | O85: X | P85: QUANTIDADE | Q85: = | R85: TOTAL
D87: INSTALAÇÃO DE LUMINÁRIAS DE EMERGÊNCIA | L87: 340 | M87: / | N87: 15 | O87: X | P87: 1 | Q87: = | R87: =ROUND(L87/N87,0) -> 23
P89: TOTAL CALCULADO DO ITEM | Q89: = | R89: =SUM(R86:R88) -> 23
B90: =PLANILHA!B29 -> 5.1 | D90: =VLOOKUP($B90,PLANILHA!$B$12:$K$601,4,FALSE) -> INSTALAÇÕES ELÉTRICAS PARA BARRACA TIPO 1
B91: =PLANILHA!B30 -> 5.2 | D91: =VLOOKUP($B91,PLANILHA!$B$12:$K$601,4,FALSE) -> INSTALAÇÕES ELÉTRICAS PARA BARRACA TIPO 2 | E91: =VLOOKUP($B91,PLANILHA!$B$12:$K$601,5,FALSE) -> UNIDADE | P91: QUANTIDADE | Q91: = | R91: =R96 -> 10
P92: QUANTIDADE | Q92: = | R92: TOTAL
D94: INSTALAÇÕES ELÉTRICAS P/ BARRACAS TIPO 1 (SEM BANCADA) | P94: 10 | Q94: = | R94: =P94 -> 10
P96: TOTAL CALCULADO DO ITEM | Q96: = | R96: =SUM(R93:R95) -> 10
D97: MEMÓRIA DA COMPOSIÇÃO
D99: QUADRO DE DISTRIBUIÇÃO EM PVC - PARA ATÉ 08 DISJUNTORES | E99: UN | P99: QUANTIDADE | Q99: = | R99: =R100 -> 1
D100: INSTALAÇÃO DE QUADRO P/ DISJUNTORES | P100: 1 | Q100: = | R100: 1
D102: BARRAMENTO DE COBRE PARA 60A - 9,52X2,38MM | E102: M | N102: COMPRIMENTO | O102: X | P102: QUANTIDADE | Q102: = | R102: =R103 -> 1.2
D103: INSTALAÇÃO DE BARRAMENTO - 3 VIAS P/ QUADRO 40CM | N103: 0.4 | O103: X | P103: 3 | Q103: = | R103: =ROUND(N103*P103,2) -> 1.2
D105: MINI-DISJUNTOR TERMOMAGNÉTICO, TRIPOLAR 220/380 V, CORRENTE DE 40 A ATÉ 50 A | E105: UN | P105: QUANTIDADE | Q105: = | R105: =R106 -> 1
D106: CHAVE GERAL DO QUADRO - TRIPOLAR | P106: 1 | Q106: = | R106: 1
D108: MINI-DISJUNTOR TERMOMAGNÉTICO, BIPOLAR 220/380 V, CORRENTE DE 10 A ATÉ 32 A | E108: UN | P108: QUANTIDADE | Q108: = | R108: =R109 -> 2
D109: DISJUNTORES CONFORME UNIFILAR - TUEs | P109: 2 | Q109: = | R109: =P109 -> 2
D111: MINI-DISJUNTOR TERMOMAGNÉTICO, UNIPOLAR 127/220 V, CORRENTE DE 10 A ATÉ 32 A | E111: UN | P111: QUANTIDADE | Q111: = | R111: =R112 -> 2
D112: DISJUNTORES CONFORME UNIFILAR - TUGs E ILUMINAÇÃO | P112: 2 | Q112: = | R112: =P112 -> 2
D114: CABO DE COBRE DE 4 MM², ISOLAMENTO 750 V - ISOLAÇÃO EM PVC 70°C | E114: M | L114: VIAS | M114: X | N114: COMPRIMENTO | O114: X | P114: QUANTIDADE | Q114: = | R114: =R115 -> 60
D115: SISTEMA DE ABASTECIMENTO E ILUMINAÇÃO INTERNA DAS BARRACAS | L115: 3 | M115: X | N115: 20 | O115: X | P115: 1 | Q115: = | R115: =ROUND(L115*N115*P115,2) -> 60
D117: RECEPTÁCULO DE PORCELANA COM PARAFUSO DE FIXAÇÃO COM ROSCA E-27 | E117: UN | P117: QUANTIDADE | Q117: = | R117: =R118 -> 4
D118: BOCAIS P/ ILUMINAÇÃO - 2 POR MÓDULO DE BARRACA | P118: 4 | Q118: = | R118: =P118 -> 4
D120: LÂMPADA LED 13,5W, COM BASE E-27, 1400 ATÉ 1510 LM | E120: UN | P120: QUANTIDADE | Q120: = | R120: =R121 -> 4
D121: LÂMPADAS P/ BOCAIS - CONFORME LAYOUT DE BARRACA | P121: 4 | Q121: = | R121: =P121 -> 4
D123: INTERRUPTOR COM 1 TECLA SIMPLES E PLACA | E123: UN | P123: QUANTIDADE | Q123: = | R123: =R124 -> 1
D124: INTERRUPTOR P/ ACIONAMENTO/DESLIGAMENTO DE ILUMINAÇÃO - CONFORME ROTINA DO EVENTO | P124: 1 | Q124: = | R124: =P124 -> 1
D126: TOMADA SIMPLES DE SOBREPOR UNIVERSAL 2P+T - 10 A - 250 V | E126: UN | P126: QUANTIDADE | Q126: = | R126: =R127 -> 4
D127: TOMADAS GERAIS DE UTILIZAÇÃO CONFORME LAYOUT DE BARRACA | P127: 4 | Q127: = | R127: =P127 -> 4
D129: EXTINTOR MANUAL DE PÓ QUÍMICO SECO ABC - CAPACIDADE DE 4 KG | E129: UN | P129: QUANTIDADE | Q129: = | R129: =R130 -> 1
D130: P/ PPCI EVENTOS | P130: 1 | Q130: = | R130: =P130 -> 1
B132: =PLANILHA!B31 -> 6 | D132: =VLOOKUP($B132,PLANILHA!$B$12:$K$601,4,FALSE) -> PRAÇA ERMELINO MATARAZZO | E132: =VLOOKUP($B132,PLANILHA!$B$12:$K$601,5,FALSE) -> 0 | P132: QUANTIDADE | Q132: = | R132: =R137 -> 25
P133: QUANTIDADE | Q133: = | R133: TOTAL
D135: INSTALAÇÕES ELÉTRICAS P/ BARRACAS TIPO 1 (SEM BANCADA) | P135: 25 | Q135: = | R135: =P135 -> 25
P137: TOTAL CALCULADO DO ITEM | Q137: = | R137: =SUM(R134:R136) -> 25
D138: MEMÓRIA DA COMPOSIÇÃO
D140: QUADRO DE DISTRIBUIÇÃO EM PVC - PARA ATÉ 08 DISJUNTORES | E140: UN | P140: QUANTIDADE | Q140: = | R140: =R141 -> 1
D141: INSTALAÇÃO DE QUADRO P/ DISJUNTORES | P141: 1 | Q141: = | R141: 1
D143: BARRAMENTO DE COBRE PARA 60A - 9,52X2,38MM | E143: M | N143: COMPRIMENTO | O143: X | P143: QUANTIDADE | Q143: = | R143: =R144 -> 1.2
D144: INSTALAÇÃO DE BARRAMENTO - 3 VIAS P/ QUADRO 40CM | N144: 0.4 | O144: X | P144: 3 | Q144: = | R144: =ROUND(N144*P144,2) -> 1.2
D146: MINI-DISJUNTOR TERMOMAGNÉTICO, TRIPOLAR 220/380 V, CORRENTE DE 40 A ATÉ 50 A | E146: UN | P146: QUANTIDADE | Q146: = | R146: =R147 -> 1
...

Sheet COTAÇÃO OLD
D1: PREFEITURA MUNICIPAL DE SÃO CAETANO DO SUL
D2: SECRETARIA DE OBRAS E HABITAÇÃO
D3: DEPARTAMENTO DE OBRAS - SEOHAB-DO
B5: QUADRO DE COTAÇÕES
B8: CÓDIGO | D8: DESCRIÇÃO DO SERVIÇO OU FORNECIMENTO | E8: UNIDADE | F8: DATA BASE | H8: PREÇO REFERENCIAL | I8: =I10 -> 14.47
B9: COT-001 | D9: FITA DE LED RGB | E9: M | F9: 46174
B10: =SUBTOTAL(3,D14:D17,I21:I23,I39:I41) -> 6 | C10: RESULTADOS | E10: VALORES | F10: MEDIANA | G10: =IFERROR(MEDIAN(I12:I14,I21:I23,I39:I41),0) -> 14.47 | H10: MÉDIA | I10: =IFERROR(MEDIAN(I12:I14,I21:I23,I39:I41),0) -> 14.47
B12: I | C12: CONSULTA DIRETA A EMPRESAS E FORNECEDORES | F12: MEDIANA | G12: =IFERROR(MEDIAN(I14:I16),0) -> 0 | H12: MÉDIA | I12: =IFERROR(AVERAGE(I14:I16),0) -> 0
C13: CNPJ | D13: NOME DA EMPRESA FORNECEDORA | E13: DATA COTAÇÃO | F13: UNIDADE | G13: UNIDADE | H13: PREÇO COTADO | I13: VALOR/M
B17: ESPECIFICAÇÃO TÉCNICA:
B19: II | C19: CONTRATAÇÕES PÚBLICAS SEMELHANTES | F19: MEDIANA | G19: =IFERROR(MEDIAN(I21:I24),0) -> 16.01 | H19: MÉDIA | I19: =IFERROR(AVERAGE(I21:I24),0) -> 15.846667
C20: ÓRGÃO | D20: DESCRIÇÃO DO ITEM NO CERTAME | E20: DATA | F20: UNIDADE | G20: QUANTIDADE | H20: VALOR UNITÁRIO HOMOLOGADO REAJUSTADO | I20: VALOR/M
C21: MUNICÍPIO DE COLORADO DO OESTE - RO | D21: MANGUEIRA/FITA LED NEON FLEXÍVEL, COM FORNECIMENTO DO CABO DE FORÇA/FONTE RETIFICADORA E ACESSÓRIOS DE VEDAÇÃO. COMPRIMENTO TOTAL MÍNIMO DE 30 METROS. COR DA LUZ: BRANCO QUENTE (OBRIGATORIAMENTE ENTRE 2700K E 3000K). DENSIDADE DE 120 LEDS/METRO NO MÍNIMO, PARA ILUMINAÇÃO CONTÍNUA. ESPESSURA/PERFIL TIPO NEON DE, NO MÍNIMO, 14MM. GRAU DE PROTEÇÃO MÍNIMO IP65 (PARA USO EXTERNO). VOLTAGEM: 220V | E21: 45982 | F21: UNIDADE ROLO 30M | G21: 12 | H21: =I33 -> 480.2 | I21: =ROUND(H21/30,2) -> 16.01
C22: MUNICÍPIO DE IPORÃ - PR | D22: AQUISIÇÃO de 30 mts de fita de led neon vermelho 220v para contorno em 01 trenó (já existente). | E22: 45975 | F22: UNIDADE ROLO 30M | G22: 1 | H22: =I34 -> 511.77 | I22: =ROUND(H22/30,2) -> 17.06
C23: MUNICÍPIO DE SÃO VICENTE DO SUL - RS | D23: Fita de LED Neon RGB à prova d’água, com comprimento total de 30 metros, tecnologia RGB, controle via Bluetooth e grau de proteção IP65 | E23: 46169 | F23: UNIDADE ROLO 30M | G23: 35 | H23: =I35 -> 434 | I23: =ROUND(H23/30,2) -> 14.47
B24: ESPECIFICAÇÃO TÉCNICA: | D24: FORAM IDENTIFICADOS PROCESSOS DE COMPRA REFERENTE À ROLOS DE 30M. CONSIDERANDO QUE A APLICAÇÃO DEVERÁ SUBMETER MAIORES COMPRIMENTOS, REALIZOU-SE AFERIÇÃO E COMPARATIVO REFERENTES AO VALOR UNITÁRIO POR M PARA COMPATIBILIZAÇÃO COM COMPOSIÇÃO PARA EXECUÇÃO NO LOCAL ESPECIFICADO.
C26: REAJUSTE DE DATA BASE - CONTRATAÇÕES PÚBLICAS SEMELHANTES
H28: IBGE ABR/26 | I28: 1024.95
H29: IBGE NOV/25 | I29: 1003.2
H30: ÍNDICE | I30: =ROUND(I28/I29,4) -> 1.0217
C32: CERTAME | D32: ÓRGÃO | E32: DATA | F32: VALOR UNITÁRIO HOMOLOGADO | G32: QUANTIDADE | H32: ÍNDICE DE REAJUSTE | I32: VALOR REAJUSTADO
C33: DISPENSA ELETRÔNICA 61/2025 | D33: MUNICÍPIO DE COLORADO DO OESTE - RO | E33: 45982 | F33: 470 | G33: 12 | H33: =I30 -> 1.0217 | I33: =ROUND(F33*H33,2) -> 480.2
C34: PREGÃO 92/2025 | D34: MUNICÍPIO DE IPORÃ - PR | E34: 45975 | F34: 500.9 | G34: 1 | H34: =I30 -> 1.0217 | I34: =ROUND(F34*H34,2) -> 511.77
C35: MUNICÍPIO DE SÃO VICENTE DO SUL - RS | D35: MUNICÍPIO DE SÃO VICENTE DO SUL - RS | E35: 46169 | F35: 434 | G35: 35 | H35: 1 | I35: =ROUND(F35*H35,2) -> 434
B37: III | C37: SITES DE AMPLO DOMÍNIO E TABELAS DE REFERÊNCIA | F37: MEDIANA | G37: =IFERROR(MEDIAN(I39:I41),0) -> 11.63 | H37: MÉDIA | I37: =IFERROR(AVERAGE(I39:I41),0) -> 12.533333
C38: CNPJ | D38: NOME DA EMPRESA FORNECEDORA | E38: DATA COTAÇÃO | F38: UNIDADE | G38: UNIDADE | H38: PREÇO COTADO | I38: VALOR/M
C39: 25.256.864/0001-08 | D39: LUMLED ESPECIALIZADA | E39: 46181 | F39: ROLO 30M | G39: 30 | H39: 434 | I39: =ROUND(H39/G39,2) -> 14.47
C40: 15.436.940/0001-03 | D40: AMAZON | E40: 46181 | F40: ROLO 30M | G40: 30 | H40: 349 | I40: =ROUND(H40/G40,2) -> 11.63
C41: 03.007.331/0001-41 | D41: MERCADO LIVRE | E41: 46181 | F41: ROLO 30M | G41: 30 | H41: 345 | I41: =ROUND(H41/G41,2) -> 11.5
B42: ESPECIFICAÇÃO TÉCNICA: | D42: Vide anexo com as cotações de mercado
B44: RELATÓRIO ELABORADO PARA ATENDIMENTO AO ART. 23 DA LEI 14.133/2021 CONFORME EXTRATO ABAIXO: "Art. 23. O valor previamente estimado da contratação deverá ser compatível com os valores praticados pelo mercado, considerados os preços constantes de bancos de dados públicos e as quantidades a serem contratadas, observadas a potencial economia de escala e as peculiaridades do local de execução do objeto. § 1º No processo licitatório para aquisição de bens e contratação de serviços em geral, conforme regulamento, o valor estimado será definido com base no melhor preço aferido por meio da utilização dos seguintes parâmetros, adotados de forma combinada ou não: I - composição de custos unitários menores ou iguais à mediana do item correspondente no painel para consulta de preços ou no banco de preços em saúde disponíveis no Portal Nacional de Contratações Públicas (PNCP); II - contratações similares feitas pela Administração Pública, em execução ou concluídas no período de 1 (um) ano anterior à data da pesquisa de preços, inclusive mediante sistema de registro de preços, observado o índice de atualização de preços correspondente; III - utilização de dados de pesquisa publicada em mídia especializada, de tabela de referência formalmente aprovada pelo Poder Executivo federal e de sítios eletrônicos especializados ou de domínio amplo, desde que contenham a data e hora de acesso; IV - pesquisa direta com no mínimo 3 (três) fornecedores, mediante solicitação formal de cotação, desde que seja apresentada justificativa da escolha desses fornecedores e que não tenham sido obtidos os orçamentos com mais de 6 (seis) meses de antecedência da data de divulgação do edital; V - pesquisa na base nacional de notas fiscais eletrônicas, na forma de regulamento."

Sheet IBGE
A1: Indicadores Econômicos, obtidos do
A2: Sistema Nacional de Pesquisa de Custos e Índices da Construção Civil - SINAPI
A3: Brasil
A4: Números Índices Não considerando Desoneração da Folha de Pagamento
A5: Material-Mão de Obra
A6: ANOS/MESES | B6: Brasil
A7: 1986
A8: março | B8: 3.3e-07
A9: abril | B9: 3.3e-07
A10: maio | B10: 3.4e-07
A11: junho | B11: 3.4e-07
A12: julho | B12: 3.5e-07
A13: agosto | B13: 3.6e-07
A14: setembro | B14: 3.7e-07
A15: outubro | B15: 4e-07
A16: novembro | B16: 4.2e-07
A17: dezembro | B17: 4.5e-07
A18: 1987
A19: janeiro | B19: 5.6e-07
A20: fevereiro | B20: 6.7e-07
A21: março | B21: 8.5e-07
A22: abril | B22: 9.6e-07
A23: maio | B23: 1.15e-06
A24: junho | B24: 1.31e-06
A25: julho | B25: 1.36e-06
A26: agosto | B26: 1.38e-06
A27: setembro | B27: 1.48e-06
A28: outubro | B28: 1.59e-06
A29: novembro | B29: 1.8e-06
A30: dezembro | B30: 2.04e-06
A31: 1988
A32: janeiro | B32: 2.42e-06
A33: fevereiro | B33: 2.8e-06
A34: março | B34: 3.37e-06
A35: abril | B35: 3.92e-06
A36: maio | B36: 4.66e-06
A37: junho | B37: 5.65e-06
A38: julho | B38: 6.78e-06
A39: agosto | B39: 8.42e-06
A40: setembro | B40: 1.054e-05
A41: outubro | B41: 1.339e-05
A42: novembro | B42: 1.752e-05
A43: dezembro | B43: 2.263e-05
A44: 1989
A45: janeiro | B45: 3.193e-05
A46: fevereiro | B46: 3.325e-05
A47: março | B47: 3.487e-05
A48: abril | B48: 3.84e-05
A49: maio | B49: 4.428e-05
A50: junho | B50: 6.354e-05
A51: julho | B51: 8.606e-05
A52: agosto | B52: 0.00013346
A53: setembro | B53: 0.00018394
A54: outubro | B54: 0.00025301
A55: novembro | B55: 0.00035786
A56: dezembro | B56: 0.00053399
A57: 1990
A58: janeiro | B58: 0.00081503
A59: fevereiro | B59: 0.00138865
A60: março | B60: 0.00250166
A61: abril | B61: 0.00289992
A62: maio | B62: 0.00285468
A63: junho | B63: 0.00300113
A64: julho | B64: 0.00327273
A65: agosto | B65: 0.0037751
A66: setembro | B66: 0.00409749
A67: outubro | B67: 0.00447815
A68: novembro | B68: 0.00492417
A69: dezembro | B69: 0.00561405
A70: 1991
A71: janeiro | B71: 0.00638935
A72: fevereiro | B72: 0.00769916
A73: março | B73: 0.00832356
A74: abril | B74: 0.00888624
A75: maio | B75: 0.00968244
A76: junho | B76: 0.01102056
A77: julho | B77: 0.01245654
A78: agosto | B78: 0.01469373
A79: setembro | B79: 0.01740766
A80: outubro | B80: 0.02150195
A81: novembro | B81: 0.02703225
A82: dezembro | B82: 0.03430122
A83: 1992
A84: janeiro | B84: 0.04136384
A85: fevereiro | B85: 0.05460026
A86: março | B86: 0.06855609
A87: abril | B87: 0.08274035
A88: maio | B88: 0.09939598
A89: junho | B89: 0.12387721
A90: julho | B90: 0.14864026
A91: agosto | B91: 0.1782494
A92: setembro | B92: 0.23266895
A93: outubro | B93: 0.2783884
A94: novembro | B94: 0.34191663
A95: dezembro | B95: 0.42130967
A96: 1993
A97: janeiro | B97: 0.56400725
A98: fevereiro | B98: 0.7154996
A99: março | B99: 0.8959486
A100: abril | B100: 1.1546986
...

Sheet BDI 2
C1: PREFEITURA MUNICIPAL DE SÃO CAETANO DO SUL
C2: SECRETARIA DE OBRAS E HABITAÇÃO
C3: DEPARTAMENTO DE OBRAS - SEOHAB-DO
B5: QUADRO DE COMPOSIÇÃO DO BDI 2
B7: OBRA: | C7: =PLANILHA!C5 -> CONTRATAÇÃO DE EMPRESA ESPECIALIZADA PARA EXECUÇÃO DE INSTALAÇÃO ELÉTRICA PROVISÓRIA E SERVIÇOS CORRELATOS NA RUA MARIANO PAMPLONA, PARA REALIZAÇÃO DA 33ª FESTA ITALIANA, NO BAIRRO FUNDAÇÃO, NESTE MUNICÍPIO
B8: LOCAL: | C8: =PLANILHA!C7 -> 0 | K8: =PLANILHA!K5 -> 0
B10: Conforme legislação tributária municipal, definir estimativa de percentual da base de cálculo para o ISS: | J10: 1
B11: Sobre a base de cálculo, definir a respectiva alíquota do ISS (entre 2% e 5%): | J11: 0.05
B14: BDI 1
B16: TIPO DE OBRA
B17: CONSTRUÇÃO E REFORMA DE EDIFÍCIOS
N18: =N39 -> CONSTRUÇÃO E REFORMA DE EDIFÍCIOS | R18: =N40 -> CONSTRUÇÃO DE PRAÇAS URBANAS, RODOVIAS, FERROVIAS E RECAPEAMENTO E PAVIMENTAÇÃO DE VIAS URBANAS | V18: =N41 -> CONSTRUÇÃO DE REDES DE ABASTECIMENTO DE ÁGUA, COLETA DE ESGOTO | Z18: =N44 -> FORNECIMENTO DE MATERIAIS E EQUIPAMENTOS (AQUISIÇÃO INDIRETA - EM CONJUNTO COM LICITAÇÃO DE OBRAS) | AD18: =N45 -> FORNECIMENTO DE MATERIAIS E EQUIPAMENTOS (AQUISIÇÃO DIRETA) | AH18: =N46 -> ESTUDOS E PROJETOS, PLANOS E GERENCIAMENTO E OUTROS CORRELATOS
B19: Itens | J19: Siglas | K19: % Adotado | N19: 1º Quartil | O19: Médio | P19: 3º Quartil | R19: 1º Quartil | S19: Médio | T19: 3º Quartil | V19: 1º Quartil | W19: Médio | X19: 3º Quartil | Z19: 1º Quartil | AA19: Médio | AB19: 3º Quartil | AD19: 1º Quartil | AE19: Médio | AF19: 3º Quartil | AH19: 1º Quartil | AI19: Médio | AJ19: 3º Quartil
B21: Administração Central | J21: AC | K21: =Z21 -> 0.015 | N21: 0.03 | O21: 0.04 | P21: 0.055 | R21: 0.038 | S21: 0.0401 | T21: 0.0467 | V21: 0.0343 | W21: 0.0493 | X21: 0.0671 | Z21: 0.015 | AA21: 0.0345 | AB21: 0.0449 | AD21: - | AE21: - | AF21: - | AH21: - | AI21: 0.1272 | AJ21: -
B22: Seguro e Garantia | J22: SG | K22: =Z22 -> 0.003 | N22: 0.008 | O22: 0.008 | P22: 0.01 | R22: 0.0032 | S22: 0.004 | T22: 0.0074 | V22: 0.0028 | W22: 0.0049 | X22: 0.0075 | Z22: 0.003 | AA22: 0.0048 | AB22: 0.0082 | AD22: - | AE22: - | AF22: - | AH22: - | AI22: - | AJ22: -
B23: Risco | J23: R | K23: =Z23 -> 0.0056 | N23: 0.0097 | O23: 0.0127 | P23: 0.0127 | R23: 0.005 | S23: 0.0056 | T23: 0.0097 | V23: 0.01 | W23: 0.0139 | X23: 0.0174 | Z23: 0.0056 | AA23: 0.0085 | AB23: 0.0089 | AD23: - | AE23: - | AF23: - | AH23: - | AI23: - | AJ23: -
B24: Despesas Financeiras | J24: DF | K24: =Z24 -> 0.0085 | N24: 0.0059 | O24: 0.0123 | P24: 0.0139 | R24: 0.0102 | S24: 0.0111 | T24: 0.0121 | V24: 0.0094 | W24: 0.0099 | X24: 0.0117 | Z24: 0.0085 | AA24: 0.0085 | AB24: 0.0111 | AD24: - | AE24: - | AF24: - | AH24: - | AI24: - | AJ24: -
B25: Lucro | J25: L | K25: 0.0336 | N25: 0.0616 | O25: 0.074 | P25: 0.0896 | R25: 0.0664 | S25: 0.073 | T25: 0.0869 | V25: 0.0674 | W25: 0.0804 | X25: 0.094 | Z25: 0.035 | AA25: 0.0511 | AB25: 0.0622 | AD25: - | AE25: - | AF25: - | AH25: - | AI25: 0.08 | AJ25: -
B26: Tributos (impostos COFINS 3%, e PIS 0,65%) | J26: CP | K26: =Z26 -> 0.0365 | N26: 0.0365 | O26: 0.0365 | P26: 0.0365 | R26: 0.0365 | S26: 0.0365 | T26: 0.0365 | V26: 0.0365 | W26: 0.0365 | X26: 0.0365 | Z26: 0.0365 | AA26: 0.0365 | AB26: 0.0365 | AD26: 0.0365 | AE26: 0.0365 | AF26: 0.0365 | AH26: 0.0365 | AI26: 0.0365 | AJ26: 0.0365
B27: Tributos (ISS, variável de acordo com o município) | J27: ISS | K27: =J10*J11 -> 0.05 | N27: 0 | O27: 0.025 | P27: 0.05 | R27: 0 | S27: 0.025 | T27: 0.05 | V27: 0 | W27: 0.025 | X27: 0.05 | Z27: 0 | AA27: 0.025 | AB27: 0.05 | AD27: 0 | AE27: 0.025 | AF27: 0.05 | AH27: 0 | AI27: 0.05 | AJ27: 0.05
B28: Tributos (Contribuição Previdenciária sobre a Receita Bruta - 0% ou 4,5% - Desoneração) | J28: CPRB | K28: =IF(K8="DESONERADO",4.5%,0%) -> 0 | N28: 0 | O28: 0.045 | P28: 0.045 | R28: 0 | S28: 0.045 | T28: 0.045 | V28: 0 | W28: 0.045 | X28: 0.045 | Z28: 0 | AA28: 0.045 | AB28: 0.045 | AD28: 0 | AE28: 0.045 | AF28: 0.045 | AH28: 0 | AI28: 0 | AJ28: 0.045
B29: BDI SEM desoneração | J29: BDI PAD | K29: =ROUND(((((1+$K$21+$K$22+$K$23)*(1+$K$24)*(1+$K$25))/(1-$K$26-$K$27-$K$28))-1),4) -> 0.168 | N29: 0.2034 | O29: 0.2212 | P29: 0.25 | R29: 0.196 | S29: 0.2097 | T29: 0.2423 | V29: 0.2076 | W29: 0.2418 | X29: 0.2644 | Z29: 0.111 | AA29: 0.1402 | AB29: 0.168 | AD29: 0 | AE29: 0 | AF29: 0 | AH29: 0 | AI29: 0 | AJ29: 0
B33: Os valores de BDI foram calculados com o emprego da fórmula:
E34: BDI = | F34: (1+AC + S + R + G)*(1 + DF)*(1+L) | I34: - 1
F35: (1-CP-ISS-CRPB)
B38: Declaro para os devidos fins que o regime de Contribuição Previdenciária sobre a Receita Bruta adotado para elaboração do orçamento foi SEM Desoneração, e que esta é a alternativa mais adequada para a Administração Pública. | N38: Tipo da Obra
N39: =UPPER(Z39) -> CONSTRUÇÃO E REFORMA DE EDIFÍCIOS | Z39: Construção e Reforma de Edifícios
B40: Observações: | N40: =UPPER(Z40) -> CONSTRUÇÃO DE PRAÇAS URBANAS, RODOVIAS, FERROVIAS E RECAPEAMENTO E PAVIMENTAÇÃO DE VIAS URBANAS | Z40: Construção de Praças Urbanas, Rodovias, Ferrovias e recapeamento e pavimentação de vias urbanas
N41: =UPPER(Z41) -> CONSTRUÇÃO DE REDES DE ABASTECIMENTO DE ÁGUA, COLETA DE ESGOTO | Z41: Construção de Redes de Abastecimento de Água, Coleta de Esgoto
N42: =UPPER(Z42) -> CONSTRUÇÃO E MANUTENÇÃO DE ESTAÇÕES E REDES DE DISTRIBUIÇÃO DE ENERGIA ELÉTRICA | Z42: Construção e Manutenção de Estações e Redes de Distribuição de Energia Elétrica
B43: São Caetano do Sul | H43: =TODAY() -> 46190 | N43: =UPPER(Z43) -> OBRAS PORTUÁRIAS, MARÍTIMAS E FLUVIAIS | Z43: Obras Portuárias, Marítimas e Fluviais
B44: Local | H44: Data | N44: =UPPER(Z44) -> FORNECIMENTO DE MATERIAIS E EQUIPAMENTOS (AQUISIÇÃO INDIRETA - EM CONJUNTO COM LICITAÇÃO DE OBRAS) | Z44: Fornecimento de Materiais e Equipamentos (aquisição indireta - em conjunto com licitação de obras)
N45: =UPPER(Z45) -> FORNECIMENTO DE MATERIAIS E EQUIPAMENTOS (AQUISIÇÃO DIRETA) | Z45: Fornecimento de Materiais e Equipamentos (aquisição direta)
N46: ESTUDOS E PROJETOS, PLANOS E GERENCIAMENTO E OUTROS CORRELATOS
N47: Declaro para os devidos fins que o regime de Contribuição Previdenciária sobre a Receita Bruta adotado para elaboração do orçamento foi COM Desoneração, e que esta é a alternativa mais adequada para a Administração Pública.
N49: Declaro para os devidos fins que o regime de Contribuição Previdenciária sobre a Receita Bruta adotado para elaboração do orçamento foi SEM Desoneração, e que esta é a alternativa mais adequada para a Administração Pública.

Sheet PESO DOS MATERIAIS
A1: Fonte: PCRJ SCO-Sistema de Custos de Obras e Serviços de Engenharia FGV
A3: MATERIAL | B3: KG/M3
A4: AREIA SECA | B4: 1600
A5: AREIA ÚMIDA | B5: 2300
A6: AREIA FINA SECA | B6: 1500
A7: AREIA GROSSA SECA | B7: 1800
A8: ARGILA SECA | B8: 1800
A9: ARGILA ÚMIDA | B9: 2100
A10: CAL HIDRATADA | B10: 1800
A11: CAL HIDRÁULICA | B11: 700
A12: CAL EM PÓ | B12: 1000
A13: CAL VIRGEM | B13: 1600
A14: CIMENTO A GRANEL | B14: 1600
A15: CIMENTO EM SACOS | B15: 1200
... A53: ZINCO | B53: 7200

Sheet SINAPII
A1: SINAPI - Sistema Nacional de Pesquisa de Custos e Índices da Construção Civil
A2: RELATÓRIO DE PREÇOS DE INSUMOS - ENCARGOS SOCIAIS SEM DESONERAÇÃO
A3: Mês de Referência: | B3: 04/2026 | E3: Encargos sociais sobre a mão de obra:
A4: Data de emissão: | B4: 12/05/2026 | E4: (SEM DESONERAÇÃO) | F4: AC | G4: AL | H4: AM | I4: AP | J4: BA | K4: CE | L4: DF | M4: ES | N4: GO | O4: MA | P4: MG | Q4: MS | R4: MT | S4: PA | T4: PB | U4: PE | V4: PI | W4: PR | X4: RJ | Y4: RN | Z4: RO | AA4: RR | AB4: RS | AC4: SC | AD4: SE | AE4: SP | AF4: TO
E5: Localidade | F5: RIO BRANCO | G5: MACEIO | H5: MANAUS | I5: MACAPA | J5: SALVADOR | K5: FORTALEZA | L5: BRASILIA | M5: VITORIA | N5: GOIANIA | O5: SAO LUIS | P5: BELO HORIZONTE | Q5: CAMPO GRANDE | R5: CUIABA | S5: BELEM | T5: JOAO PESSOA | U5: RECIFE | V5: TERESINA | W5: CURITIBA | X5: RIO DE JANEIRO | Y5: NATAL | Z5: PORTO VELHO | AA5: BOA VISTA | AB5: PORTO ALEGRE | AC5: FLORIANOPOLIS | AD5: ARACAJU | AE5: SAO PAULO | AF5: PALMAS
A6: Origem de preço: | B6: C = COLETADO | C6: CR = COEFICIENTE DE REPRESENTATIVIDADE | E6: Horista | F6: 1.1261 | G6: 1.1612 | H6: 1.1416 | I6: 1.1518 | J6: 1.1773 | K6: 1.1561 | L6: 1.1008 | M6: 1.183 | N6: 1.0772 | O6: 1.1411 | P6: 1.1623 | Q6: 1.1571 | R6: 1.0533 | S6: 1.1942 | T6: 1.1819 | U6: 1.1463 | V6: 1.1378 | W6: 1.1628 | X6: 1.1249 | Y6: 1.1683 | Z6: 1.1571 | AA6: 1.1479 | AB6: 1.1195 | AC6: 1.1447 | AD6: 1.1151 | AE6: 1.1501 | AF6: 1.1523
A7: Preço em branco para determinado estado significa que não houve coleta mínima de preços no mês de referência | E7: Mensalista | F7: 0.6903 | G7: 0.7125 | H7: 0.708 | I7: 0.7006 | J7: 0.7285 | K7: 0.7246 | L7: 0.6994 | M7: 0.7385 | N7: 0.6928 | O7: 0.713 | P7: 0.7383 | Q7: 0.7157 | R7: 0.6783 | S7: 0.727 | T7: 0.7266 | U7: 0.7067 | V7: 0.7159 | W7: 0.7242 | X7: 0.6966 | Y7: 0.7229 | Z7: 0.7065 | AA7: 0.7035 | AB7: 0.6929 | AC7: 0.7103 | AD7: 0.6972 | AE7: 0.7118 | AF7: 0.7198
A9: Acessar Fichas de Especificação Técnico dos Insumos | E9: Preços Medianos (R$):
A10: Classificação | B10: Código do Insumo | C10: Descrição do Insumo | D10: Unidade | E10: Origem de Preço | F10: AC | G10: AL | H10: AM | I10: AP | J10: BA | K10: CE | L10: DF | M10: ES | N10: GO | O10: MA | P10: MG | Q10: MS | R10: MT | S10: PA | T10: PB | U10: PE | V10: PI | W10: PR | X10: RJ | Y10: RN | Z10: RO | AA10: RR | AB10: RS | AC10: SC | AD10: SE | AE10: SP | AF10: TO
A11: SERVIÇOS | B11: 45333 | C11: ABERTURA PARA ENCAIXE DE CUBA OU LAVATORIO EM BANCADA DE MARMORE/ GRANITO OU OUTRO TIPO DE PEDRA NATURAL | D11: UN | E11: CR | F11: 302.08 | G11: 195.46 | H11: 209.68 | I11: 190.49 | J11: 122.61 | L11: 142.15 | M11: 72.85 | N11: 173.84 | O11: 258.65 | P11: 116.56 | Q11: 190.13 | R11: 156.37 | S11: 177.69 | T11: 152.03 | U11: 199.02 | V11: 189.99 | W11: 151.04 | X11: 159.75 | Z11: 231 | AA11: 159.92 | AB11: 217.5 | AC11: 231 | AD11: 126.36 | AE11: 201.57
A12: MATERIAL | B12: 11270 | C12: ABRACADEIRA DE LATAO PARA FIXACAO DE CABO PARA-RAIO, DIMENSOES 32 X 24 X 24 MM | D12: UN | E12: CR | F12: 2.52 | G12: 2.49 | H12: 2.4 | I12: 3.48 | J12: 2.6 | K12: 3.6 | M12: 2.4 | N12: 2.52 | P12: 3 | Q12: 2.91 | R12: 2.58 | S12: 3.48 | U12: 4.05 | W12: 2.4 | X12: 3.02 | Y12: 2.8 | Z12: 2.82 | AC12: 3.15 | AE12: 2.4 | AF12: 2.52
A13: MATERIAL | B13: 412 | C13: ABRACADEIRA DE NYLON PARA AMARRACAO DE CABOS, COMPRIMENTO DE *230* X *7,6* MM | D13: UN | E13: CR | F13: 1.18 | G13: 0.77 | H13: 1.18 | I13: 1.02 | J13: 0.92 | K13: 0.87 | L13: 1.13 | M13: 1.38 | N13: 0.82 | O13: 1.02 | P13: 0.92 | Q13: 1.54 | R13: 1.13 | S13: 1.38 | T13: 0.92 | U13: 1.28 | V13: 1.28 | W13: 1.08 | X13: 0.92 | Y13: 0.97 | Z13: 1.02 | AB13: 1.13 | AC13: 1.02 | AD13: 0.82 | AE13: 1.13 | AF13: 0.97
A14: MATERIAL | B14: 414 | C14: ABRACADEIRA DE NYLON PARA AMARRACAO DE CABOS, COMPRIMENTO DE 100 X 2,5 MM | D14: UN | E14: CR | F14: 0.07 | G14: 0.04 | H14: 0.07 | I14: 0.06 | J14: 0.05 | K14: 0.05 | L14: 0.07 | M14: 0.08 | N14: 0.05 | O14: 0.06 | P14: 0.05 | Q14: 0.09 | R14: 0.07 | S14: 0.08 | T14: 0.05 | U14: 0.08 | V14: 0.08 | W14: 0.06 | X14: 0.05 | Y14: 0.06 | Z14: 0.06 | AB14: 0.07 | AC14: 0.06 | AD14: 0.05 | AE14: 0.07 | AF14: 0.06
A15: MATERIAL | B15: 410 | C15: ABRACADEIRA DE NYLON PARA AMARRACAO DE CABOS, COMPRIMENTO DE 150 X *3,6* MM | D15: UN | E15: CR | F15: 0.18 | G15: 0.11 | H15: 0.18 | I15: 0.15 | J15: 0.14 | K15: 0.13 | L15: 0.17 | M15: 0.21 | N15: 0.12 | O15: 0.15 | P15: 0.14 | Q15: 0.23 | R15: 0.17 | S15: 0.21 | T15: 0.14 | U15: 0.19 | V15: 0.19 | W15: 0.16 | X15: 0.14 | Y15: 0.15 | Z15: 0.15 | AB15: 0.17 | AC15: 0.15 | AD15: 0.12 | AE15: 0.17 | AF15: 0.15
A16: MATERIAL | B16: 411 | C16: ABRACADEIRA DE NYLON PARA AMARRACAO DE CABOS, COMPRIMENTO DE 200 X *4,6* MM | D16: UN | E16: C | F16: 0.23 | G16: 0.15 | H16: 0.23 | I16: 0.2 | J16: 0.18 | K16: 0.17 | L16: 0.22 | M16: 0.27 | N16: 0.16 | O16: 0.2 | P16: 0.18 | Q16: 0.3 | R16: 0.22 | S16: 0.27 | T16: 0.18 | U16: 0.25 | V16: 0.25 | W16: 0.21 | X16: 0.18 | Y16: 0.19 | Z16: 0.2 | AB16: 0.22 | AC16: 0.2 | AD16: 0.16 | AE16: 0.22 | AF16: 0.19
A17: MATERIAL | B17: 408 | C17: ABRACADEIRA DE NYLON PARA AMARRACAO DE CABOS, COMPRIMENTO DE 390 X *4,6* MM | D17: UN | E17: CR | F17: 1.14 | G17: 0.74 | H17: 1.14 | I17: 0.99 | J17: 0.89 | K17: 0.84 | L17: 1.09 | M17: 1.34 | N17: 0.79 | O17: 0.99 | P17: 0.89 | Q17: 1.48 | R17: 1.09 | S17: 1.34 | T17: 0.89 | U17: 1.24 | V17: 1.24 | W17: 1.04 | X17: 0.89 | Y17: 0.94 | Z17: 0.99 | AB17: 1.09 | AC17: 0.99 | AD17: 0.79 | AE17: 1.09 | AF17: 0.94
A18: MATERIAL | B18: 39131 | C18: ABRACADEIRA EM ACO PARA AMARRACAO DE ELETRODUTOS, TIPO D, COM 1 1/2" E CUNHA DE FIXACAO | D18: UN | E18: CR | F18: 4.81 | G18: 3.71 | H18: 5.95 | I18: 7.33 | J18: 3.93 | K18: 7.69 | L18: 3.89 | M18: 3.59 | N18: 3.13 | O18: 5.85 | P18: 3.35 | Q18: 6.63 | R18: 4.25 | S18: 3.65 | T18: 4.25 | U18: 5.1 | V18: 5.44 | W18: 4.76 | X18: 4.34 | Y18: 5.05 | Z18: 6.12 | AA18: 5.27 | AB18: 3.86 | AC18: 2.12 | AD18: 2.89 | AE18: 2.96 | AF18: 4.83
A19: MATERIAL | B19: 394 | C19: ABRACADEIRA EM ACO PARA AMARRACAO DE ELETRODUTOS, TIPO D, COM 1 1/2" E PARAFUSO DE FIXACAO | D19: UN | E19: CR | F19: 4.87 | G19: 3.75 | H19: 6.03 | I19: 7.42 | J19: 3.98 | K19: 7.78 | L19: 3.94 | M19: 3.63 | N19: 3.17 | O19: 5.92 | P19: 3.39 | Q19: 6.72 | R19: 4.3 | S19: 3.7 | T19: 4.3 | U19: 5.17 | V19: 5.51 | W19: 4.82 | X19: 4.39 | Y19: 5.11 | Z19: 6.2 | AA19: 5.34 | AB19: 3.91 | AC19: 2.15 | AD19: 2.92 | AE19: 2.99 | AF19: 4.89
A20: MATERIAL | B20: 39130 | C20: ABRACADEIRA EM ACO PARA AMARRACAO DE ELETRODUTOS, TIPO D, COM 1 1/4" E CUNHA DE FIXACAO | D20: UN | E20: CR | F20: 4.39 | G20: 3.38 | H20: 5.43 | I20: 6.69 | J20: 3.58 | K20: 7.02 | L20: 3.55 | M20: 3.27 | N20: 2.85 | O20: 5.34 | P20: 3.05 | Q20: 6.05 | R20: 3.88 | S20: 3.33 | T20: 3.88 | U20: 4.65 | V20: 4.97 | W20: 4.34 | X20: 3.96 | Y20: 4.61 | Z20: 5.59 | AA20: 4.81 | AB20: 3.52 | AC20: 1.94 | AD20: 2.64 | AE20: 2.7 | AF20: 4.41
A21: MATERIAL | B21: 395 | C21: ABRACADEIRA EM ACO PARA AMARRACAO DE ELETRODUTOS, TIPO D, COM 1 1/4" E PARAFUSO DE FIXACAO | D21: UN | E21: CR | F21: 4.69 | G21: 3.61 | H21: 5.8 | I21: 7.15 | J21: 3.83 | K21: 7.5 | L21: 3.8 | M21: 3.5 | N21: 3.05 | O21: 5.7 | P21: 3.26 | Q21: 6.47 | R21: 4.14 | S21: 3.56 | T21: 4.14 | U21: 4.97 | V21: 5.31 | W21: 4.64 | X21: 4.23 | Y21: 4.92 | Z21: 5.97 | AA21: 5.14 | AB21: 3.76 | AC21: 2.07 | AD21: 2.82 | AE21: 2.88 | AF21: 4.71
A22: MATERIAL | B22: 39129 | C22: ABRACADEIRA EM ACO PARA AMARRACAO DE ELETRODUTOS, TIPO D, COM 1" E CUNHA DE FIXACAO | D22: UN | E22: CR | F22: 2.7 | G22: 2.08 | H22: 3.35 | I22: 4.12 | J22: 2.21 | K22: 4.32 | L22: 2.19 | M22: 2.02 | N22: 1.76 | O22: 3.29 | P22: 1.88 | Q22: 3.73 | R22: 2.39 | S22: 2.05 | T22: 2.39 | U22: 2.87 | V22: 3.06 | W22: 2.68 | X22: 2.44 | Y22: 2.84 | Z22: 3.44 | AA22: 2.96 | AB22: 2.17 | AC22: 1.19 | AD22: 1.62 | AE22: 1.66 | AF22: 2.71
A23: MATERIAL | B23: 393 | C23: ABRACADEIRA EM ACO PARA AMARRACAO DE ELETRODUTOS, TIPO D, COM 1" E PARAFUSO DE FIXACAO | D23: UN | E23: C | F23: 2.83 | G23: 2.18 | H23: 3.5 | I23: 4.31 | J23: 2.31 | K23: 4.52 | L23: 2.29 | M23: 2.11 | N23: 1.84 | O23: 3.44 | P23: 1.97 | Q23: 3.9 | R23: 2.5 | S23: 2.15 | T23: 2.5 | U23: 3 | V23: 3.2 | W23: 2.8 | X23: 2.55 | Y23: 2.97 | Z23: 3.6 | AA23: 3.1 | AB23: 2.27 | AC23: 1.25 | AD23: 1.7 | AE23: 1.74 | AF23: 2.84
A24: MATERIAL | B24: 39127 | C24: ABRACADEIRA EM ACO PARA AMARRACAO DE ELETRODUTOS, TIPO D, COM 1/2" E CUNHA DE FIXACAO | D24: UN | E24: CR | F24: 2.31 | G24: 1.78 | H24: 2.86 | I24: 3.53 | J24: 1.89 | K24: 3.7 | L24: 1.87 | M24: 1.72 | N24: 1.5 | O24: 2.81 | P24: 1.61 | Q24: 3.19 | R24: 2.04 | S24: 1.76 | T24: 2.04 | U24: 2.45 | V24: 2.62 | W24: 2.29 | X24: 2.08 | Y24: 2.43 | Z24: 2.94 | AA24: 2.53 | AB24: 1.85 | AC24: 1.02 | AD24: 1.39 | AE24: 1.42 | AF24: 2.32
A25: MATERIAL | B25: 392 | C25: ABRACADEIRA EM ACO PARA AMARRACAO DE ELETRODUTOS, TIPO D, COM 1/2" E PARAFUSO DE FIXACAO | D25: UN | E25: CR | F25: 2.37 | G25: 1.83 | H25: 2.94 | I25: 3.62 | J25: 1.94 | K25: 3.79 | L25: 1.92 | M25: 1.77 | N25: 1.54 | O25: 2.89 | P25: 1.65 | Q25: 3.27 | R25: 2.1 | S25: 1.8 | T25: 2.1 | U25: 2.52 | V25: 2.68 | W25: 2.35 | X25: 2.14 | Y25: 2.49 | Z25: 3.02 | AA25: 2.6 | AB25: 1.9 | AC25: 1.05 | AD25: 1.42 | AE25: 1.46 | AF25: 2.38
A26: MATERIAL | B26: 39133 | C26: ABRACADEIRA EM ACO PARA AMARRACAO DE ELETRODUTOS, TIPO D, COM 2 1/2" E CUNHA DE FIXACAO | D26: UN | E26: CR | F26: 6.32 | G26: 4.87 | H26: 7.81 | I26: 9.62 | J26: 5.16 | K26: 10.09 | L26: 5.11 | M26: 4.71 | N26: 4.11 | O26: 7.68 | P26: 4.4 | Q26: 8.71 | R26: 5.58 | S26: 4.8 | T26: 5.58 | U26: 6.7 | V26: 7.14 | W26: 6.25 | X26: 5.69 | Y26: 6.63 | Z26: 8.04 | AA26: 6.92 | AB26: 5.07 | AC26: 2.79 | AD26: 3.79 | AE26: 3.88 | AF26: 6.34
A27: MATERIAL | B27: 397 | C27: ABRACADEIRA EM ACO PARA AMARRACAO DE ELETRODUTOS, TIPO D, COM 2 1/2" E PARAFUSO DE FIXACAO | D27: UN | E27: CR | F27: 6.98 | G27: 5.38 | H27: 8.63 | I27: 10.63 | J27: 5.7 | K27: 11.15 | L27: 5.65 | M27: 5.2 | N27: 4.54 | O27: 8.49 | P27: 4.86 | Q27: 9.62 | R27: 6.17 | S27: 5.3 | T27: 6.17 | U27: 7.4 | V27: 7.89 | W27: 6.91 | X27: 6.29 | Y27: 7.33 | Z27: 8.88 | AA27: 7.65 | AB27: 5.6 | AC27: 3.08 | AD27: 4.19 | AE27: 4.29 | AF27: 7
A28: MATERIAL | B28: 39132 | C28: ABRACADEIRA EM ACO PARA AMARRACAO DE ELETRODUTOS, TIPO D, COM 2" E CUNHA DE FIXACAO | D28: UN | E28: CR | F28: 5.05 | G28: 3.89 | H28: 6.25 | I28: 7.7 | J28: 4.12 | K28: 8.07 | L28: 4.09 | M28: 3.77 | N28: 3.28 | O28: 6.14 | P28: 3.52 | Q28: 6.97 | R28: 4.46 | S28: 3.84 | T28: 4.46 | U28: 5.36 | V28: 5.71 | W28: 5 | X28: 4.55 | Y28: 5.3 | Z28: 6.43 | AA28: 5.54 | AB28: 4.05 | AC28: 2.23 | AD28: 3.03 | AE28: 3.1 | AF28: 5.07
A29: MATERIAL | B29: 396 | C29: ABRACADEIRA EM ACO PARA AMARRACAO DE ELETRODUTOS, TIPO D, COM 2" E PARAFUSO DE FIXACAO | D29: UN | E29: CR | F29: 5.41 | G29: 4.17 | H29: 6.7 | I29: 8.25 | J29: 4.42 | K29: 8.65 | L29: 4.38 | M29: 4.04 | N29: 3.52 | O29: 6.58 | P29: 3.77 | Q29: 7.46 | R29: 4.78 | S29: 4.11 | T29: 4.78 | U29: 5.74 | V29: 6.12 | W29: 5.36 | X29: 4.88 | Y29: 5.68 | Z29: 6.89 | AA29: 5.93 | AB29: 4.34 | AC29: 2.39 | AD29: 3.25 | AE29: 3.33 | AF29: 5.43
... A49: MATERIAL | B49: 12615 | C49: ABRACADEIRA PVC, PARA CALHA PLUVIAL, DIAMETRO ENTRE *80 E 100* MM, PARA DRENAGEM PLUVIAL PREDIAL | D49: UN | E49: CR | F49: 14.68 | G49: 12.04 | H49: 9.23 | I49: 9.8 | J49: 11.32 | K49: 12.72 | L49: 11.9 | M49: 18.8 | N49: 14.84 | O49: 11.25 | P49: 13.63 | Q49: 13.63 | R49: 13.87 | S49: 13.58 | T49: 11.88 | U49: 10.88 | V49: 12.12 | W49: 11.15 | X49: 13.34 | Y49: 13.36 | Z49: 14.03 | AA49: 12.03 | AB49: 15.38 | AC49: 12.72 | AD49: 11.9 | AE49: 15.05 | AF49: 12.59
A50: MATERIAL | B50: 11927 | C50: ABRACADEIRA, GALVANIZADA/ZINCADA, ROSCA SEM FIM, PARAFUSO INOX, LARGURA FITA *12,6 A *14 MM, D = 2" A 2 1/2" | D50: UN | E50: CR | F50: 7.52 | G50: 7.45 | H50: 7.16 | I50: 10.38 | J50: 7.77 | K50: 10.74 | M50: 7.16 | N50: 7.52 | P50: 8.95 | Q50: 8.7 | R50: 7.7 | S50: 10.38 | U50: 12.1 | W50: 7.16 | X50: 9.02 | Y50: 8.38 | Z50: 8.41 | AC50: 9.42 | AE50: 7.16 | AF50: 7.52
A51: MATERIAL | B51: 11928 | C51: ABRACADEIRA, GALVANIZADA/ZINCADA, ROSCA SEM FIM, PARAFUSO INOX, LARGURA FITA *12,6 A *14 MM, D = 3" A 3 3/4" | D51: UN | E51: CR | F51: 8.61 | G51: 8.53 | H51: 8.2 | I51: 11.9 | J51: 8.9 | K51: 12.31 | M51: 8.2 | N51: 8.61 | P51: 10.26 | Q51: 9.97 | R51: 8.82 | S51: 11.9 | U51: 13.87 | W51: 8.2 | X51: 10.34 | Y51: 9.6 | Z51: 9.64 | AC51: 10.79 | AE51: 8.2 | AF51: 8.61
A52: MATERIAL | B52: 11929 | C52: ABRACADEIRA, GALVANIZADA/ZINCADA, ROSCA SEM FIM, PARAFUSO INOX, LARGURA FITA *12,6 A *14 MM, D = 4" A 4 3/4" | D52: UN | E52: CR | F52: 13.33 | G52: 13.2 | H52: 12.69 | I52: 18.4 | J52: 13.77 | K52: 19.04 | M52: 12.69 | N52: 13.33 | P52: 15.86 | Q52: 15.42 | R52: 13.64 | S52: 18.4 | U52: 21.45 | W52: 12.69 | X52: 15.99 | Y52: 14.85 | Z52: 14.91 | AC52: 16.69 | AE52: 12.69 | AF52: 13.33
A53: MATERIAL | B53: 36801 | C53: ACABAMENTO DE METAL CROMADO PARA REGISTRO PEQUENO, DE PAREDE, 1/2" OU 3/4" | D53: UN | E53: CR | F53: 27.71 | G53: 32.7 | H53: 50.82 | I53: 67.98 | J53: 34 | K53: 36.49 | L53: 38 | M53: 27.31 | N53: 34.91 | O53: 51.92 | P53: 35.4 | Q53: 40.21 | R53: 41.87 | S53: 18.12 | T53: 34.06 | U53: 40.12 | V53: 37.37 | W53: 29.14 | X53: 40.39 | Y53: 26.4 | Z53: 40.77 | AA53: 33.82 | AB53: 65.42 | AC53: 48.61 | AD53: 35.76 | AE53: 30.9 | AF53: 38.92
A54: MATERIAL | B54: 36246 | C54: ACABAMENTO SIMPLES/CONVENCIONAL PARA FORRO PVC, TIPO "U" OU "C", COR BRANCA, COMPRIMENTO 6 M | D54: M | E54: CR | F54: 3.14 | G54: 5.41 | H54: 3.59 | I54: 4.59 | J54: 3.71 | L54: 3.6 | M54: 3.83 | N54: 3.44 | O54: 4.04 | P54: 4.26 | Q54: 5.24 | R54: 4.67 | S54: 4.89 | T54: 3.95 | U54: 4.32 | W54: 4.08 | X54: 5.97 | Y54: 4.53 | Z54: 4.9 | AA54: 3.99 | AB54: 5.08 | AC54: 3.93 | AD54: 4.76 | AE54: 4.57 | AF54: 3.6
A55: MATERIAL | B55: 37600 | C55: ACESSORIO DE LIGACAO NAO ELETRICO PARA CARGAS EXPLOSIVAS, TUBO DE 6 M | D55: UN | E55: CR | AE55: 123.17
A56: MATERIAL | B56: 37599 | C56: ACESSORIO INICIADOR NAO ELETRICO, TUBO DE 6 M, TEMPO DE RETARDO DE *160* MS | D56: UN | E56: CR | AE56: 114.64
A57: MATERIAL | B57: 1 | C57: ACETILENO - RECARGA DE GAS PARA CILINDRO (NAO INCLUI TROCA/MANUTENCAO DO CILINDRO) | D57: KG | E57: C | G57: 144.44 | J57: 177.5 | K57: 100.5 | M57: 105.55 | N57: 89.99 | P57: 79.99 | Q57: 111 | R57: 120 | S57: 132 | W57: 145 | AB57: 117 | AE57: 110
A58: MATERIAL | B58: 3 | C58: ACIDO CLORIDRICO / ACIDO MURIATICO, DILUICAO 10% A 12% PARA USO EM LIMPEZA | D58: L | E58: CR | F58: 19.7 | G58: 18.15 | H58: 15.94 | I58: 15.94 | J58: 14.33 | K58: 18.36 | L58: 13.81 | M58: 16.46 | N58: 17.46 | O58: 16.18 | P58: 23.89 | Q58: 13.88 | R58: 16.17 | S58: 16.7 | T58: 15.66 | U58: 28.58 | V58: 26.24 | W58: 17.15 | X58: 15.69 | Y58: 18.97 | Z58: 17.01 | AA58: 19.13 | AB58: 20.49 | AC58: 19.04 | AD58: 18.75 | AE58: 19.68 | AF58: 16.53
A59: MATERIAL | B59: 43054 | C59: ACO CA-25, 10,0 MM, OU 12,5 MM, OU 16,0 MM, OU 20,0 MM, OU 25,0 MM, VERGALHAO | D59: KG | E59: CR | F59: 10.68 | G59: 10.28 | H59: 9.29 | I59: 9.49 | J59: 7.56 | K59: 7.69 | L59: 8.4 | M59: 9.55 | N59: 7.25 | O59: 8.59 | P59: 7.3 | Q59: 8.33 | R59: 8.99 | S59: 8.15 | T59: 7.85 | U59: 8.13 | V59: 8.73 | W59: 7.65 | X59: 8.9 | Y59: 8.68 | Z59: 10.1 | AA59: 9.55 | AB59: 8.16 | AC59: 7.82 | AD59: 9.15 | AE59: 6.63 | AF59: 7.65
A60: MATERIAL | B60: 42402 | C60: ACO CA-25, 16,0 MM, BARRA DE TRANSFERENCIA | D60: KG | E60: CR | F60: 10.21 | G60: 9.83 | H60: 8.88 | I60: 9.07 | J60: 7.23 | K60: 7.35 | L60: 8.02 | M60: 9.13 | N60: 6.93 | O60: 8.21 | P60: 6.98 | Q60: 7.96 | R60: 8.59 | S60: 7.79 | T60: 7.5 | U60: 7.77 | V60: 8.34 | W60: 7.31 | X60: 8.51 | Y60: 8.3 | Z60: 9.65 | AA60: 9.13 | AB60: 7.8 | AC60: 7.48 | AD60: 8.75 | AE60: 6.34 | AF60: 7.31
A61: MATERIAL | B61: 42403 | C61: ACO CA-25, 20,0 MM, BARRA DE TRANSFERENCIA | D61: KG | E61: CR | F61: 13.09 | G61: 12.61 | H61: 11.39 | I61: 11.63 | J61: 9.27 | K61: 9.43 | L61: 10.29 | M61: 11.71 | N61: 8.89 | O61: 10.54 | P61: 8.95 | Q61: 10.22 | R61: 11.02 | S61: 9.99 | T61: 9.62 | U61: 9.97 | V61: 10.7 | W61: 9.38 | X61: 10.92 | Y61: 10.64 | Z61: 12.38 | AA61: 11.71 | AB61: 10 | AC61: 9.59 | AD61: 11.22 | AE61: 8.13 | AF61: 9.38
A62: MATERIAL | B62: 42404 | C62: ACO CA-25, 25,0 MM, BARRA DE TRANSFERENCIA | D62: KG | E62: CR | F62: 13.02 | G62: 12.54 | H62: 11.32 | I62: 11.57 | J62: 9.22 | K62: 9.37 | L62: 10.24 | M62: 11.64 | N62: 8.84 | O62: 10.48 | P62: 8.9 | Q62: 10.16 | R62: 10.96 | S62: 9.93 | T62: 9.57 | U62: 9.92 | V62: 10.64 | W62: 9.33 | X62: 10.86 | Y62: 10.58 | Z62: 12.31 | AA62: 11.64 | AB62: 9.95 | AC62: 9.54 | AD62: 11.16 | AE62: 8.09 | AF62: 9.33
A63: MATERIAL | B63: 42405 | C63: ACO CA-25, 32,0 MM, BARRA DE TRANSFERENCIA | D63: KG | E63: CR | F63: 13.87 | G63: 13.35 | H63: 12.06 | I63: 12.32 | J63: 9.82 | K63: 9.98 | L63: 10.9 | M63: 12.4 | N63: 9.42 | O63: 11.16 | P63: 9.49 | Q63: 10.82 | R63: 11.68 | S63: 10.58 | T63: 10.19 | U63: 10.56 | V63: 11.34 | W63: 9.94 | X63: 11.56 | Y63: 11.27 | Z63: 13.11 | AA63: 12.4 | AB63: 10.6 | AC63: 10.16 | AD63: 11.89 | AE63: 8.62 | AF63: 9.94
A64: MATERIAL | B64: 34341 | C64: ACO CA-25, 32,0 MM, VERGALHAO | D64: KG | E64: CR | F64: 12.04 | G64: 11.59 | H64: 10.47 | I64: 10.69 | J64: 8.53 | K64: 8.67 | L64: 9.46 | M64: 10.76 | N64: 8.18 | O64: 9.69 | P64: 8.23 | Q64: 9.39 | R64: 10.13 | S64: 9.18 | T64: 8.85 | U64: 9.17 | V64: 9.84 | W64: 8.62 | X64: 10.04 | Y64: 9.79 | Z64: 11.38 | AA64: 10.76 | AB64: 9.2 | AC64: 8.82 | AD64: 10.32 | AE64: 7.48 | AF64: 8.62
A65: MATERIAL | B65: 43053 | C65: ACO CA-25, 6,3 MM OU 8,0 MM, VERGALHAO | D65: KG | E65: CR | F65: 9.54 | G65: 9.18 | H65: 8.3 | I65: 8.47 | J65: 6.76 | K65: 6.87 | L65: 7.5 | M65: 8.53 | N65: 6.48 | O65: 7.68 | P65: 6.52 | Q65: 7.44 | R65: 8.03 | S65: 7.28 | T65: 7.01 | U65: 7.27 | V65: 7.8 | W65: 6.83 | X65: 7.95 | Y65: 7.75 | Z65: 9.02 | AA65: 8.53 | AB65: 7.29 | AC65: 6.99 | AD65: 8.18 | AE65: 5.93 | AF65: 6.83
A66: MATERIAL | B66: 43058 | C66: ACO CA-50, 10,0 MM, OU 12,5 MM, OU 16,0 MM, OU 20,0 MM, DOBRADO E CORTADO | D66: KG | E66: CR | F66: 9.89 | G66: 9.52 | H66: 8.6 | I66: 8.79 | J66: 7.01 | K66: 7.12 | L66: 7.78 | M66: 8.84 | N66: 6.72 | O66: 7.96 | P66: 6.76 | Q66: 7.72 | R66: 8.33 | S66: 7.55 | T66: 7.27 | U66: 7.53 | V66: 8.09 | W66: 7.09 | X66: 8.25 | Y66: 8.04 | Z66: 9.35 | AA66: 8.84 | AB66: 7.56 | AC66: 7.25 | AD66: 8.48 | AE66: 6.14 | AF66: 7.09
A67: MATERIAL | B67: 34 | C67: ACO CA-50, 10,0 MM, VERGALHAO | D67: KG | E67: CR | F67: 9.94 | G67: 9.57 | H67: 8.65 | I67: 8.83 | J67: 7.04 | K67: 7.16 | L67: 7.81 | M67: 8.89 | N67: 6.75 | O67: 8 | P67: 6.8 | Q67: 7.76 | R67: 8.37 | S67: 7.58 | T67: 7.31 | U67: 7.57 | V67: 8.13 | W67: 7.12 | X67: 8.29 | Y67: 8.08 | Z67: 9.4 | AA67: 8.89 | AB67: 7.59 | AC67: 7.28 | AD67: 8.52 | AE67: 6.17 | AF67: 7.12
A68: MATERIAL | B68: 43055 | C68: ACO CA-50, 12,5 MM OU 16,0 MM, VERGALHAO | D68: KG | E68: C | F68: 8.61 | G68: 8.29 | H68: 7.49 | I68: 7.65 | J68: 6.1 | K68: 6.2 | L68: 6.77 | M68: 7.7 | N68: 5.85 | O68: 6.93 | P68: 5.89 | Q68: 6.72 | R68: 7.25 | S68: 6.57 | T68: 6.33 | U68: 6.56 | V68: 7.04 | W68: 6.17 | X68: 7.18 | Y68: 7 | Z68: 8.14 | AA68: 7.7 | AB68: 6.58 | AC68: 6.31 | AD68: 7.38 | AE68: 5.35 | AF68: 6.17
A69: MATERIAL | B69: 43056 | C69: ACO CA-50, 20,0 MM OU 25,0 MM, VERGALHAO | D69: KG | E69: CR | F69: 9.93 | G69: 9.56 | H69: 8.63 | I69: 8.82 | J69: 7.03 | K69: 7.15 | L69: 7.8 | M69: 8.88 | N69: 6.74 | O69: 7.99 | P69: 6.79 | Q69: 7.75 | R69: 8.36 | S69: 7.57 | T69: 7.3 | U69: 7.56 | V69: 8.12 | W69: 7.11 | X69: 8.28 | Y69: 8.07 | Z69: 9.38 | AA69: 8.88 | AB69: 7.59 | AC69: 7.27 | AD69: 8.51 | AE69: 6.17 | AF69: 7.11
... A77: MATERIAL | B77: 43060 | C77: ACO CA-60, 8,0 MM OU 9,5 MM, VERGALHAO | D77: KG | E77: CR | F77: 8.19 | G77: 7.89 | H77: 7.13 | I77: 7.28 | J77: 5.8 | K77: 5.9 | L77: 6.44 | M77: 7.33 | N77: 5.56 | O77: 6.59 | P77: 5.6 | Q77: 6.39 | R77: 6.9 | S77: 6.25 | T77: 6.02 | U77: 6.24 | V77: 6.7 | W77: 5.87 | X77: 6.83 | Y77: 6.66 | Z77: 7.75 | AA77: 7.33 | AB77: 6.26 | AC77: 6 | AD77: 7.02 | AE77: 5.09 | AF77: 5.87
A78: MATERIAL | B78: 40410 | C78: ACOPLAMENTO RIGIDO EM FERRO FUNDIDO PARA SISTEMA DE TUBULACAO RANHURADA, DN 50 MM (2") | D78: UN | E78: C | J78: 40 | AE78: 20.7
A79: MATERIAL | B79: 40411 | C79: ACOPLAMENTO RIGIDO EM FERRO FUNDIDO PARA SISTEMA DE TUBULACAO RANHURADA, DN 65 MM (2 1/2") | D79: UN | E79: CR | J79: 43.41 | AE79: 22.46
A80: MATERIAL | B80: 40412 | C80: ACOPLAMENTO RIGIDO EM FERRO FUNDIDO PARA SISTEMA DE TUBULACAO RANHURADA, DN 80 MM (3") | D80: UN | E80: CR | J80: 48.72 | AE80: 25.21
A81: MATERIAL | B81: 44254 | C81: ADAPTADOR CPVC, ROSCAVEL, COM FLANGES E ANEL DE VEDACAO, 15 MM, CAIXA D'AGUA PARA AGUA QUENTE | D81: UN | E81: CR | F81: 32.79 | H81: 29 | J81: 28.25 | K81: 27.21 | L81: 29.43 | M81: 33.4 | N81: 38.5 | P81: 30.13 | Q81: 32.53 | R81: 31.8 | S81: 29.63 | U81: 36.18 | W81: 34.36 | X81: 31.9 | Y81: 26.63 | Z81: 34.12 | AB81: 36.18 | AC81: 31.68 | AE81: 29.89
A82: MATERIAL | B82: 44255 | C82: ADAPTADOR CPVC, ROSCAVEL, COM FLANGES E ANEL DE VEDACAO, 22 MM, CAIXA D'AGUA PARA AGUA QUENTE | D82: UN | E82: CR | F82: 36.35 | H82: 32.14 | J82: 31.31 | K82: 30.16 | L82: 32.62 | M82: 37.02 | N82: 42.67 | P82: 33.4 | Q82: 36.05 | R82: 35.25 | S82: 32.84 | U82: 40.1 | W82: 38.09 | X82: 35.36 | Y82: 29.52 | Z82: 37.82 | AB82: 40.1 | AC82: 35.12 | AE82: 33.13
A83: MATERIAL | B83: 44256 | C83: ADAPTADOR CPVC, ROSCAVEL, COM FLANGES E ANEL DE VEDACAO, 28 MM, CAIXA D'AGUA PARA AGUA QUENTE | D83: UN | E83: CR | F83: 41.05 | H83: 36.3 | J83: 35.37 | K83: 34.06 | L83: 36.85 | M83: 41.81 | N83: 48.19 | P83: 37.73 | Q83: 40.72 | R83: 39.81 | S83: 37.09 | U83: 45.29 | W83: 43.02 | X83: 39.93 | Y83: 33.34 | Z83: 42.72 | AB83: 45.29 | AC83: 39.66 | AE83: 37.42
A84: MATERIAL | B84: 44257 | C84: ADAPTADOR CPVC, ROSCAVEL, COM FLANGES E ANEL DE VEDACAO, 35 MM, CAIXA D'AGUA PARA AGUA QUENTE | D84: UN | E84: CR | F84: 64.95 | H84: 57.43 | J84: 55.95 | K84: 53.89 | L84: 58.3 | M84: 66.15 | N84: 76.25 | P84: 59.68 | Q84: 64.42 | R84: 62.99 | S84: 58.68 | U84: 71.65 | W84: 68.06 | X84: 63.18 | Y84: 52.74 | Z84: 67.58 | AB84: 71.65 | AC84: 62.75 | AE84: 59.21
A85: MATERIAL | B85: 44258 | C85: ADAPTADOR CPVC, ROSCAVEL, COM FLANGES E ANEL DE VEDACAO, 42 MM, CAIXA D'AGUA PARA AGUA QUENTE | D85: UN | E85: CR | F85: 74.23 | H85: 65.64 | J85: 63.94 | K85: 61.59 | L85: 66.62 | M85: 75.59 | N85: 87.14 | P85: 68.21 | Q85: 73.63 | R85: 71.98 | S85: 67.06 | U85: 81.89 | W85: 77.78 | X85: 72.2 | Y85: 60.28 | Z85: 77.24 | AB85: 81.89 | AC85: 71.71 | AE85: 67.66
A86: MATERIAL | B86: 44259 | C86: ADAPTADOR CPVC, ROSCAVEL, COM FLANGES E ANEL DE VEDACAO, 54 MM, CAIXA D'AGUA PARA AGUA QUENTE | D86: UN | E86: CR | F86: 101.88 | H86: 90.1 | J86: 87.77 | K86: 84.54 | L86: 91.45 | M86: 103.76 | N86: 119.6 | P86: 93.63 | Q86: 101.06 | R86: 98.81 | S86: 92.05 | U86: 112.4 | W86: 106.77 | X86: 99.11 | Y86: 82.74 | Z86: 106.01 | AB86: 112.4 | AC86: 98.43 | AE86: 92.87
A87: MATERIAL | B87: 37997 | C87: ADAPTADOR CPVC, SOLDAVEL, 15 MM, PARA AGUA QUENTE | D87: UN | E87: CR | F87: 19.54 | H87: 17.28 | J87: 16.83 | K87: 16.21 | L87: 17.54 | M87: 19.9 | N87: 22.94 | P87: 17.96 | Q87: 19.38 | R87: 18.95 | S87: 17.65 | U87: 21.56 | W87: 20.48 | X87: 19.01 | Y87: 15.87 | Z87: 20.33 | AB87: 21.56 | AC87: 18.88 | AE87: 17.81
A88: MATERIAL | B88: 37998 | C88: ADAPTADOR CPVC, SOLDAVEL, 22 MM, PARA AGUA QUENTE | D88: UN | E88: CR | F88: 26.15 | H88: 23.13 | J88: 22.53 | K88: 21.7 | L88: 23.47 | M88: 26.64 | N88: 30.7 | P88: 24.03 | Q88: 25.94 | R88: 25.36 | S88: 23.63 | U88: 28.85 | W88: 27.41 | X88: 25.44 | Y88: 21.24 | Z88: 27.21 | AB88: 28.85 | AC88: 25.27 | AE88: 23.84
A89: MATERIAL | B89: 55 | C89: ADAPTADOR DE COMPRESSAO EM POLIPROPILENO (PP), PARA TUBO EM PEAD, 20 MM X 1/2", PARA LIGACAO PREDIAL DE AGUA (NTS 179) | D89: UN | E89: C | P89: 6.31 | AB89: 6.82 | AE89: 4.86
A90: MATERIAL | B90: 61 | C90: ADAPTADOR DE COMPRESSAO EM POLIPROPILENO (PP), PARA TUBO EM PEAD, 20 MM X 3/4", PARA LIGACAO PREDIAL DE AGUA (NTS 179) | D90: UN | E90: CR | P90: 5.97 | AB90: 6.45 | AE90: 4.59
A91: MATERIAL | B91: 62 | C91: ADAPTADOR DE COMPRESSAO EM POLIPROPILENO (PP), PARA TUBO EM PEAD, 32 MM X 1", PARA LIGACAO PREDIAL DE AGUA (NTS 179) | D91: UN | E91: CR | P91: 12.37 | AB91: 13.37 | AE91: 9.52
A92: MATERIAL | B92: 10899 | C92: ADAPTADOR EM LATAO, ENGATE RAPIDO 2 1/2" X ROSCA INTERNA 5 FIOS 2 1/2", PARA INSTALACAO PREDIAL DE COMBATE A INCENDIO | D92: UN | E92: CR | F92: 65.71 | G92: 113.9 | H92: 94.19 | J92: 126.6 | K92: 88.71 | L92: 78.85 | M92: 83.23 | N92: 138.56 | O92: 125.29 | P92: 65.27 | Q92: 78.85 | R92: 59.99 | S92: 90.15 | T92: 87.61 | U92: 102.29 | V92: 82.66 | W92: 126.17 | X92: 91.99 | Z92: 82.36 | AB92: 80.52 | AC92: 51.69 | AE92: 152.01
A93: MATERIAL | B93: 10900 | C93: ADAPTADOR EM LATAO, ENGATE RAPIDO1 1/2" X ROSCA INTERNA 5 FIOS 2 1/2", PARA INSTALACAO PREDIAL DE COMBATE A INCENDIO | D93: UN | E93: CR | F93: 51.42 | G93: 89.14 | H93: 73.71 | J93: 99.08 | K93: 69.42 | L93: 61.71 | M93: 65.14 | N93: 108.44 | O93: 98.05 | P93: 51.08 | Q93: 61.71 | R93: 46.95 | S93: 70.55 | T93: 68.57 | U93: 80.05 | V93: 64.69 | W93: 98.74 | X93: 71.99 | Z93: 64.45 | AB93: 63.01 | AC93: 40.45 | AE93: 118.97
A94: MATERIAL | B94: 47 | C94: ADAPTADOR PVC PBA, BOLSA/ROSCA, JE, DN 100 / DE 110 MM | D94: UN | E94: CR | F94: 83.49 | G94: 77.53 | J94: 64.36 | M94: 75.48 | N94: 77.24 | P94: 94.47 | Q94: 65.55 | R94: 78.72 | S94: 87.5 | V94: 111.36 | Y94: 77.38 | Z94: 85.88 | AE94: 97.81
A95: MATERIAL | B95: 48 | C95: ADAPTADOR PVC PBA, BOLSA/ROSCA, JE, DN 50 / DE 60 MM | D95: UN | E95: CR | F95: 21.78 | G95: 20.22 | J95: 16.79 | M95: 19.69 | N95: 20.15 | P95: 24.64 | Q95: 17.1 | R95: 20.53 | S95: 22.82 | V95: 29.05 | Y95: 20.18 | Z95: 22.4 | AE95: 25.51
A96: MATERIAL | B96: 46 | C96: ADAPTADOR PVC PBA, BOLSA/ROSCA, JE, DN 75 / DE 85 MM | D96: UN | E96: CR | F96: 48.83 | G96: 45.34 | J96: 37.64 | M96: 44.14 | N96: 45.17 | P96: 55.25 | Q96: 38.34 | R96: 46.04 | S96: 51.17 | V96: 65.13 | Y96: 45.26 | Z96: 50.22 | AE96: 57.2
A97: MATERIAL | B97: 52 | C97: ADAPTADOR PVC PBA, PONTA/ROSCA, JE, DN 50 / DE 60 MM | D97: UN | E97: CR | F97: 16.54 | G97: 15.36 | J97: 12.75 | M97: 14.95 | N97: 15.3 | P97: 18.72 | Q97: 12.99 | R97: 15.6 | S97: 17.34 | V97: 22.07 | Y97: 15.33 | Z97: 17.02 | AE97: 19.38
A98: MATERIAL | B98: 43 | C98: ADAPTADOR PVC PBA, PONTA/ROSCA, JE, DN 75 / DE 85 MM | D98: UN | E98: CR | F98: 55.84 | G98: 51.85 | J98: 43.04 | M98: 50.48 | N98: 51.66 | P98: 63.18 | Q98: 43.84 | R98: 52.65 | S98: 58.52 | V98: 74.48 | Y98: 51.76 | Z98: 57.44 | AE98: 65.41
A99: MATERIAL | B99: 103 | C99: ADAPTADOR PVC SOLDAVEL CURTO COM BOLSA E ROSCA, 110 MM X 4", PARA AGUA FRIA | D99: UN | E99: CR | F99: 50.31 | G99: 43.74 | H99: 41.35 | I99: 42.49 | J99: 40.72 | K99: 47.7 | L99: 49.89 | M99: 58.53 | N99: 53.64 | O99: 44.16 | P99: 48.85 | Q99: 45.1 | R99: 40.93 | S99: 52.28 | T99: 42.7 | U99: 43.74 | V99: 44.58 | W99: 40.83 | X99: 45.31 | Y99: 42.49 | Z99: 49.78 | AA99: 44.26 | AB99: 51.87 | AC99: 42.49 | AD99: 39.89 | AE99: 50.72 | AF99: 45.62
A100: MATERIAL | B100: 107 | C100: ADAPTADOR PVC SOLDAVEL CURTO COM BOLSA E ROSCA, 20 MM X 1/2", PARA AGUA FRIA | D100: UN | E100: CR | F100: 0.94 | G100: 0.82 | H100: 0.78 | I100: 0.8 | J100: 0.76 | K100: 0.9 | L100: 0.94 | M100: 1.1 | N100: 1.01 | O100: 0.83 | P100: 0.92 | Q100: 0.85 | R100: 0.77 | S100: 0.98 | T100: 0.8 | U100: 0.82 | V100: 0.84 | W100: 0.77 | X100: 0.85 | Y100: 0.8 | Z100: 0.93 | AA100: 0.83 | AB100: 0.97 | AC100: 0.8 | AD100: 0.75 | AE100: 0.95 | AF100: 0.86
A101: MATERIAL | B101: 65 | C101: ADAPTADOR PVC SOLDAVEL CURTO COM BOLSA E ROSCA, 25 MM X 3/4", PARA AGUA FRIA | D101: UN | E101: CR | F101: 1.04 | G101: 0.9 | H101: 0.85 | I101: 0.87 | J101: 0.84 | K101: 0.98 | L101: 1.03 | M101: 1.21 | N101: 1.1 | O101: 0.91 | P101: 1.01 | Q101: 0.93 | R101: 0.84 | S101: 1.08 | T101: 0.88 | U101: 0.9 | V101: 0.92 | W101: 0.84 | X101: 0.93 | Y101: 0.87 | Z101: 1.02 | AA101: 0.91 | AB101: 1.07 | AC101: 0.87 | AD101: 0.82 | AE101: 1.04 | AF101: 0.94
A102: MATERIAL | B102: 108 | C102: ADAPTADOR PVC SOLDAVEL CURTO COM BOLSA E ROSCA, 32 MM X 1", PARA AGUA FRIA | D102: UN | E102: CR | F102: 2.08 | G102: 1.81 | H102: 1.71 | I102: 1.76 | J102: 1.69 | K102: 1.98 | L102: 2.07 | M102: 2.43 | N102: 2.22 | O102: 1.83 | P102: 2.02 | Q102: 1.87 | R102: 1.69 | S102: 2.17 | T102: 1.77 | U102: 1.81 | V102: 1.85 | W102: 1.69 | X102: 1.88 | Y102: 1.76 | Z102: 2.06 | AA102: 1.83 | AB102: 2.15 | AC102: 1.76 | AD102: 1.65 | AE102: 2.1 | AF102: 1.89
A103: MATERIAL | B103: 110 | C103: ADAPTADOR PVC SOLDAVEL CURTO COM BOLSA E ROSCA, 40 MM X 1 1/2", PARA AGUA FRIA | D103: UN | E103: CR | F103: 7.24 | G103: 6.29 | H103: 5.95 | I103: 6.11 | J103: 5.86 | K103: 6.86 | L103: 7.18 | M103: 8.42 | N103: 7.72 | O103: 6.35 | P103: 7.03 | Q103: 6.49 | R103: 5.89 | S103: 7.52 | T103: 6.14 | U103: 6.29 | V103: 6.41 | W103: 5.87 | X103: 6.52 | Y103: 6.11 | Z103: 7.16 | AA103: 6.37 | AB103: 7.46 | AC103: 6.11 | AD103: 5.74 | AE103: 7.3 | AF103: 6.56
A104: MATERIAL | B104: 109 | C104: ADAPTADOR PVC SOLDAVEL CURTO COM BOLSA E ROSCA, 40 MM X 1 1/4", PARA AGUA FRIA | D104: UN | E104: CR | F104: 4.31 | G104: 3.75 | H104: 3.54 | I104: 3.64 | J104: 3.49 | K104: 4.09 | L104: 4.27 | M104: 5.01 | N104: 4.59 | O104: 3.78 | P104: 4.18 | Q104: 3.86 | R104: 3.51 | S104: 4.48 | T104: 3.66 | U104: 3.75 | V104: 3.82 | W104: 3.5 | X104: 3.88 | Y104: 3.64 | Z104: 4.26 | AA104: 3.79 | AB104: 4.44 | AC104: 3.64 | AD104: 3.42 | AE104: 4.34 | AF104: 3.91
A105: MATERIAL | B105: 111 | C105: ADAPTADOR PVC SOLDAVEL CURTO COM BOLSA E ROSCA, 50 MM X 1 1/4", PARA AGUA FRIA | D105: UN | E105: CR | F105: 9.79 | G105: 8.51 | H105: 8.05 | I105: 8.27 | J105: 7.93 | K105: 9.28 | L105: 9.71 | M105: 11.39 | N105: 10.44 | O105: 8.59 | P105: 9.51 | Q105: 8.78 | R105: 7.97 | S105: 10.18 | T105: 8.31 | U105: 8.51 | V105: 8.68 | W105: 7.95 | X105: 8.82 | Y105: 8.27 | Z105: 9.69 | AA105: 8.61 | AB105: 10.1 | AC105: 8.27 | AD105: 7.76 | AE105: 9.87 | AF105: 8.88
A106: MATERIAL | B106: 112 | C106: ADAPTADOR PVC SOLDAVEL CURTO COM BOLSA E ROSCA, 50 MM X1 1/2", PARA AGUA FRIA | D106: UN | E106: CR | F106: 5.19 | G106: 4.51 | H106: 4.26 | I106: 4.38 | J106: 4.2 | K106: 4.92 | L106: 5.15 | M106: 6.04 | N106: 5.53 | O106: 4.55 | P106: 5.04 | Q106: 4.65 | R106: 4.22 | S106: 5.39 | T106: 4.4 | U106: 4.51 | V106: 4.6 | W106: 4.21 | X106: 4.67 | Y106: 4.38 | Z106: 5.13 | AA106: 4.56 | AB106: 5.35 | AC106: 4.38 | AD106: 4.11 | AE106: 5.23 | AF106: 4.7
A107: MATERIAL | B107: 113 | C107: ADAPTADOR PVC SOLDAVEL CURTO COM BOLSA E ROSCA, 60 MM X 2", PARA AGUA FRIA | D107: UN | E107: CR | F107: 12.99 | G107: 11.3 | H107: 10.68 | I107: 10.97 | J107: 10.52 | K107: 12.32 | L107: 12.88 | M107: 15.12 | N107: 13.85 | O107: 11.4 | P107: 12.61 | Q107: 11.65 | R107: 10.57 | S107: 13.5 | T107: 11.03 | U107: 11.3 | V107: 11.51 | W107: 10.54 | X107: 11.7 | Y107: 10.97 | Z107: 12.86 | AA107: 11.43 | AB107: 13.39 | AC107: 10.97 | AD107: 10.3 | AE107: 13.1 | AF107: 11.78
A108: MATERIAL | B108: 104 | C108: ADAPTADOR PVC SOLDAVEL CURTO COM BOLSA E ROSCA, 75 MM X 2 1/2", PARA AGUA FRIA | D108: UN | E108: CR | F108: 22.61 | G108: 19.66 | H108: 18.58 | I108: 19.1 | J108: 18.3 | K108: 21.44 | L108: 22.42 | M108: 26.31 | N108: 24.11 | O108: 19.85 | P108: 21.95 | Q108: 20.27 | R108: 18.4 | S108: 23.5 | T108: 19.19 | U108: 19.66 | V108: 20.03 | W108: 18.35 | X108: 20.36 | Y108: 19.1 | Z108: 22.38 | AA108: 19.89 | AB108: 23.31 | AC108: 19.1 | AD108: 17.93 | AE108: 22.8 | AF108: 20.5
A109: MATERIAL | B109: 102 | C109: ADAPTADOR PVC SOLDAVEL CURTO COM BOLSA E ROSCA, 85 MM X 3", PARA AGUA FRIA | D109: UN | E109: CR | F109: 31.17 | G109: 27.1 | H109: 25.62 | I109: 26.33 | J109: 25.23 | K109: 29.56 | L109: 30.91 | M109: 36.27 | N109: 33.24 | O109: 27.36 | P109: 30.27 | Q109: 27.94 | R109: 25.36 | S109: 32.4 | T109: 26.46 | U109: 27.1 | V109: 27.62 | W109: 25.3 | X109: 28.07 | Y109: 26.33 | Z109: 30.85 | AA109: 27.43 | AB109: 32.14 | AC109: 26.33 | AD109: 24.72 | AE109: 31.43 | AF109: 28.27
A110: MATERIAL | B110: 95 | C110: ADAPTADOR PVC SOLDAVEL, COM FLANGE E ANEL DE VEDACAO, 20 MM X 1/2", PARA CAIXA D'AGUA | D110: UN | E110: CR | F110: 13.17 | G110: 11.45 | H110: 10.83 | I110: 11.13 | J110: 10.66 | K110: 12.49 | L110: 13.06 | M110: 15.33 | N110: 14.05 | O110: 11.56 | P110: 12.79 | Q110: 11.81 | R110: 10.72 | S110: 13.69 | T110: 11.18 | U110: 11.45 | V110: 11.67 | W110: 10.69 | X110: 11.86 | Y110: 11.13 | Z110: 13.04 | AA110: 11.59 | AB110: 13.58 | AC110: 11.13 | AD110: 10.44 | AE110: 13.28 | AF110: 11.94
... A114: MATERIAL | B114: 99 | C114: ADAPTADOR PVC SOLDAVEL, COM FLANGE E ANEL DE VEDACAO, 50 MM X 1 1/2", PARA CAIXA D'AGUA | D114: UN | E114: CR | F114: 30.5 | G114: 26.52 | H114: 25.07 | I114: 25.76 | J114: 24.69 | K114: 28.92 | L114: 30.25 | M114: 35.49 | N114: 32.52 | O114: 26.77 | P114: 29.61 | Q114: 27.34 | R114: 24.81 | S114: 31.7 | T114: 25.89 | U114: 26.52 | V114: 27.02 | W114: 24.75 | X114: 27.47 | Y114: 25.76 | Z114: 30.18 | AA114: 26.84 | AB114: 31.45 | AC114: 25.76 | AD114: 24.18 | AE114: 30.75 | AF114: 27.66
A115: MATERIAL | B115: 60 | C115: ADAPTADOR PVC, COM REGISTRO, PARA PEAD, 20 MM X 3/4", PARA LIGACAO PREDIAL DE AGUA | D115: UN | E115: CR | P115: 8.19 | AB115: 8.85 | AE115: 6.3
A116: MATERIAL | B116: 72 | C116: ADAPTADOR PVC, ROSCAVEL, COM FLANGES E ANEL DE VEDACAO, 1 1/2", PARA CAIXA D'AGUA | D116: UN | E116: CR | F116: 58.49 | G116: 50.86 | H116: 48.08 | I116: 49.41 | J116: 47.35 | K116: 55.46 | L116: 58.01 | M116: 68.06 | N116: 62.37 | O116: 51.35 | P116: 56.8 | Q116: 52.44 | R116: 47.59 | S116: 60.79 | T116: 49.65 | U116: 50.86 | V116: 51.83 | W116: 47.47 | X116: 52.68 | Y116: 49.41 | Z116: 57.89 | AA116: 51.47 | AB116: 60.31 | AC116: 49.41 | AD116: 46.38 | AE116: 58.98 | AF116: 53.04
A117: MATERIAL | B117: 71 | C117: ADAPTADOR PVC, ROSCAVEL, COM FLANGES E ANEL DE VEDACAO, 1", PARA CAIXA D'AGUA | D117: UN | E117: CR | F117: 36.13 | G117: 31.41 | H117: 29.69 | I117: 30.51 | J117: 29.24 | K117: 34.25 | L117: 35.83 | M117: 42.03 | N117: 38.52 | O117: 31.71 | P117: 35.08 | Q117: 32.38 | R117: 29.39 | S117: 37.55 | T117: 30.66 | U117: 31.41 | V117: 32.01 | W117: 29.32 | X117: 32.53 | Y117: 30.51 | Z117: 35.75 | AA117: 31.79 | AB117: 37.25 | AC117: 30.51 | AD117: 28.64 | AE117: 36.42 | AF117: 32.76
A118: MATERIAL | B118: 67 | C118: ADAPTADOR PVC, ROSCAVEL, COM FLANGES E ANEL DE VEDACAO, 1/2", PARA CAIXA D'AGUA | D118: UN | E118: CR | F118: 18.91 | G118: 16.44 | H118: 15.54 | I118: 15.97 | J118: 15.31 | K118: 17.93 | L118: 18.75 | M118: 22 | N118: 20.16 | O118: 16.6 | P118: 18.36 | Q118: 16.95 | R118: 15.39 | S118: 19.65 | T118: 16.05 | U118: 16.44 | V118: 16.76 | W118: 15.35 | X118: 17.03 | Y118: 15.97 | Z118: 18.71 | AA118: 16.64 | AB118: 19.5 | AC118: 15.97 | AD118: 14.99 | AE118: 19.07 | AF118: 17.15
A119: MATERIAL | B119: 73 | C119: ADAPTADOR PVC, ROSCAVEL, COM FLANGES E ANEL DE VEDACAO, 3/4", PARA CAIXA D'AGUA | D119: UN | E119: CR | F119: 18.1 | G119: 15.74 | H119: 14.87 | I119: 15.29 | J119: 14.65 | K119: 17.16 | L119: 17.95 | M119: 21.06 | N119: 19.3 | O119: 15.89 | P119: 17.57 | Q119: 16.22 | R119: 14.72 | S119: 18.81 | T119: 15.36 | U119: 15.74 | V119: 16.04 | W119: 14.69 | X119: 16.3 | Y119: 15.29 | Z119: 17.91 | AA119: 15.92 | AB119: 18.66 | AC119: 15.29 | AD119: 14.35 | AE119: 18.25 | AF119: 16.41
A120: MATERIAL | B120: 100 | C120: ADAPTADOR PVC, SOLDAVEL, COM FLANGES E ANEL DE VEDACAO, 60 MM X 2", PARA CAIXA D'AGUA | D120: UN | E120: CR | F120: 53.29 | G120: 46.33 | H120: 43.8 | I120: 45.01 | J120: 43.14 | K120: 50.53 | L120: 52.84 | M120: 62 | N120: 56.82 | O120: 46.78 | P120: 51.74 | Q120: 47.77 | R120: 43.36 | S120: 55.38 | T120: 45.23 | U120: 46.33 | V120: 47.22 | W120: 43.25 | X120: 47.99 | Y120: 45.01 | Z120: 52.73 | AA120: 46.89 | AB120: 54.94 | AC120: 45.01 | AD120: 42.25 | AE120: 53.73 | AF120: 48.32
A121: MATERIAL | B121: 75 | C121: ADAPTADOR PVC, SOLDAVEL, COM FLANGES LIVRES, 110 MM X 4", PARA CAIXA D'AGUA | D121: UN | E121: CR | F121: 310.67 | G121: 270.14 | H121: 255.35 | I121: 262.43 | J121: 251.49 | K121: 294.59 | L121: 308.09 | M121: 361.48 | N121: 331.25 | O121: 272.72 | P121: 301.66 | Q121: 278.51 | R121: 252.78 | S121: 322.89 | T121: 263.71 | U121: 270.14 | V121: 275.29 | W121: 252.13 | X121: 279.79 | Y121: 262.43 | Z121: 307.45 | AA121: 273.36 | AB121: 320.32 | AC121: 262.43 | AD121: 246.35 | AE121: 313.24 | AF121: 281.72
A122: MATERIAL | B122: 83 | C122: ADAPTADOR PVC, SOLDAVEL, COM FLANGES LIVRES, 75 MM X 2 1/2", PARA CAIXA D'AGUA | D122: UN | E122: CR | F122: 248.37 | G122: 215.97 | H122: 204.14 | I122: 209.8 | J122: 201.06 | K122: 235.51 | L122: 246.31 | M122: 288.99 | N122: 264.82 | O122: 218.03 | P122: 241.17 | Q122: 222.66 | R122: 202.09 | S122: 258.14 | T122: 210.83 | U122: 215.97 | V122: 220.09 | W122: 201.57 | X122: 223.69 | Y122: 209.8 | Z122: 245.8 | AA122: 218.54 | AB122: 256.08 | AC122: 209.8 | AD122: 196.95 | AE122: 250.43 | AF122: 225.23
A123: MATERIAL | B123: 74 | C123: ADAPTADOR PVC, SOLDAVEL, COM FLANGES LIVRES, 85 MM X 3", PARA CAIXA D'AGUA | D123: UN | E123: CR | F123: 355.1 | G123: 308.78 | H123: 291.87 | I123: 299.96 | J123: 287.46 | K123: 336.72 | L123: 352.16 | M123: 413.18 | N123: 378.63 | O123: 311.72 | P123: 344.81 | Q123: 318.34 | R123: 288.93 | S123: 369.07 | T123: 301.43 | U123: 308.78 | V123: 314.66 | W123: 288.2 | X123: 319.81 | Y123: 299.96 | Z123: 351.42 | AA123: 312.46 | AB123: 366.13 | AC123: 299.96 | AD123: 281.58 | AE123: 358.04 | AF123: 322.01
A124: MATERIAL | B124: 106 | C124: ADAPTADOR PVC, SOLDAVEL, LONGO, COM FLANGE LIVRE, 110 MM X 4", PARA CAIXA D'AGUA | D124: UN | E124: CR | F124: 449.04 | G124: 390.47 | H124: 369.08 | I124: 379.31 | J124: 363.5 | K124: 425.79 | L124: 445.32 | M124: 522.48 | N124: 478.79 | O124: 394.18 | P124: 436.02 | Q124: 402.55 | R124: 365.36 | S124: 466.7 | T124: 381.17 | U124: 390.47 | V124: 397.9 | W124: 364.43 | X124: 404.41 | Y124: 379.31 | Z124: 444.39 | AA124: 395.11 | AB124: 462.98 | AC124: 379.31 | AD124: 356.07 | AE124: 452.76 | AF124: 407.2
A125: MATERIAL | B125: 88 | C125: ADAPTADOR PVC, SOLDAVEL, LONGO, COM FLANGE LIVRE, 32 MM X 1", PARA CAIXA D'AGUA | D125: UN | E125: CR | F125: 12.62 | G125: 10.97 | H125: 10.37 | I125: 10.66 | J125: 10.21 | K125: 11.97 | L125: 12.51 | M125: 14.68 | N125: 13.46 | O125: 11.08 | P125: 12.25 | Q125: 11.31 | R125: 10.27 | S125: 13.12 | T125: 10.71 | U125: 10.97 | V125: 11.18 | W125: 10.24 | X125: 11.36 | Y125: 10.66 | Z125: 12.49 | AA125: 11.1 | AB125: 13.01 | AC125: 10.66 | AD125: 10.01 | AE125: 12.72 | AF125: 11.44
A126: MATERIAL | B126: 82 | C126: ADAPTADOR PVC, SOLDAVEL, LONGO, COM FLANGE LIVRE, 75 MM X 2 1/2", PARA CAIXA D'AGUA | D126: UN | E126: CR | F126: 236.3 | G126: 205.48 | H126: 194.23 | I126: 199.61 | J126: 191.29 | K126: 224.07 | L126: 234.34 | M126: 274.95 | N126: 251.96 | O126: 207.44 | P126: 229.45 | Q126: 211.84 | R126: 192.27 | S126: 245.6 | T126: 200.59 | U126: 205.48 | V126: 209.39 | W126: 191.78 | X126: 212.82 | Y126: 199.61 | Z126: 233.86 | AA126: 207.93 | AB126: 243.64 | AC126: 199.61 | AD126: 187.38 | AE126: 238.26 | AF126: 214.29
A127: MATERIAL | B127: 105 | C127: ADAPTADOR PVC, SOLDAVEL, LONGO, COM FLANGE LIVRE, 85 MM X 3", PARA CAIXA D'AGUA | D127: UN | E127: CR | F127: 334.84 | G127: 291.16 | H127: 275.22 | I127: 282.84 | J127: 271.06 | K127: 317.51 | L127: 332.06 | M127: 389.61 | N127: 357.02 | O127: 293.94 | P127: 325.13 | Q127: 300.18 | R127: 272.44 | S127: 348.01 | T127: 284.23 | U127: 291.16 | V127: 296.71 | W127: 271.75 | X127: 301.56 | Y127: 282.84 | Z127: 331.37 | AA127: 294.63 | AB127: 345.24 | AC127: 282.84 | AD127: 265.51 | AE127: 337.61 | AF127: 303.64
... A130: MATERIAL | B130: 4791 | C130: ADESIVO ACRILICO DE BASE AQUOSA / COLA DE CONTATO | D130: KG | E130: CR | F130: 48.68 | G130: 43.38 | H130: 35.02 | I130: 26.62 | J130: 48.51 | K130: 45.49 | L130: 57.6 | M130: 52.69 | N130: 51.48 | O130: 33.34 | P130: 55.27 | Q130: 32.35 | R130: 29.34 | S130: 39.2 | T130: 34.94 | U130: 56.74 | V130: 38.94 | W130: 38.56 | X130: 56.91 | Y130: 29.03 | Z130: 35.2 | AA130: 33.39 | AB130: 35.89 | AC130: 34.38 | AD130: 28.73 | AE130: 50.45 | AF130: 50.4
A131: MATERIAL | B131: 157 | C131: ADESIVO ESTRUTURAL A BASE DE RESINA EPOXI PARA INJECAO EM TRINCAS, BICOMPONENTE, BAIXA VISCOSIDADE | D131: KG | E131: CR | F131: 223.77 | G131: 195.04 | I131: 166.11 | J131: 157.36 | K131: 174.85 | L131: 186.3 | M131: 129.26 | N131: 142.79 | O131: 232.93 | P131: 138.21 | Q131: 157.16 | R131: 180.47 | S131: 171.73 | T131: 209.2 | U131: 184.84 | V131: 213.98 | W131: 140.71 | X131: 140.71 | Y131: 154.45 | Z131: 192.13 | AA131: 186.72 | AB131: 151.33 | AC131: 115.32 | AD131: 194.63 | AE131: 148 | AF131: 209.2
A132: MATERIAL | B132: 156 | C132: ADESIVO ESTRUTURAL A BASE DE RESINA EPOXI, BICOMPONENTE, FLUIDO | D132: KG | E132: CR | F132: 79.67 | G132: 69.45 | I132: 59.14 | J132: 56.03 | K132: 62.26 | L132: 66.33 | M132: 46.02 | N132: 50.84 | O132: 82.94 | P132: 49.21 | Q132: 55.96 | R132: 64.26 | S132: 61.14 | T132: 74.49 | U132: 65.81 | V132: 76.19 | W132: 50.1 | X132: 50.1 | Y132: 54.99 | Z132: 68.41 | AA132: 66.48 | AB132: 53.88 | AC132: 41.06 | AD132: 69.3 | AE132: 52.69 | AF132: 74.49
...

Sheet SIURB-INFRA
A1: CÓDIGO | B1: DESCRIÇÃO | C1: UNIDADE | D1: CUSTO UNIT R$
A2: 1000000 | B2: TOPOGRAFIA - EQUIPAMENTOS E SERVIÇOS
A3: 1009000 | B3: LEVANTAMENTO PLANIMÉTRICO CADASTRAL | C3: M2 | D3: 0.68
A4: 1010000 | B4: LEVANTAMENTO PLANIALTIMÉTRICO CADASTRAL | C4: M2 | D4: 0.83
A5: 1011000 | B5: LOCAÇÃO DE EIXO DE REFERÊNCIA PARA PROJETO DE VIA PÚBLICA | C5: M | D5: 5.98
A6: 1013000 | B6: NIVELAMENTO DE SEÇÕES TRANSVERSAIS | C6: M/SEC | D6: 3.59
A7: 1014000 | B7: LEVANTAMENTO PLANIMÉTRICO DE VIA PÚBLICA E SEMI-CADASTRO DE IMÓVEIS | C7: M | D7: 5.65
A8: 1015000 | B8: NIVELAMENTO DO EIXO DE VIA PÚBLICA INCLUSIVE SOLEIRAS, GUIAS E TAMPÕES | C8: M | D8: 5.58
A9: 1016000 | B9: CADASTRO DE GALERIA EXISTENTE | C9: PV | D9: 255.24
A10: 1017000 | B10: ELEMENTOS PARA LOCAÇÃO DE OBRA DE ARTE | C10: M/ EIXO | D10: 7.62
A11: 1018000 | B11: TRANSPORTE DE COTA DE REFERÊNCIA DE NÍVEL | C11: M | D11: 2.56
A12: 1019000 | B12: NIVELAMENTO GEOMÉTRICO NO INTERIOR DA GALERIA | C12: M | D12: 10.24
A13: 1020000 | B13: CADASTRO ESPECIAL DE GALERIA MOLDADA (1:500) | C13: M | D13: 12.85
A14: 1021000 | B14: NIVELAMENTO GEOMÉTRICO DE FUNDO DO CANAL OU CÓRREGO | C14: M | D14: 8.6
... A28: 1037000 | B28: NÍVEL PRECISÃO 0,3 MM/KM, TIPO "LEICA" NA2, ACOPLADO COM GPM3 OU SIMILAR, INCLUSIVE ACESSÓRIOS | C28: H | D28: 6.22
A29: 2000000 | B29: SONDAGENS E ENSAIOS
A30: 2001000 | B30: SONDAGEM MANUAL | C30: . | D30: .
A31: 2001001 | B31: SONDAGEM A TRADO MANUAL | C31: M | D31: 94.33
A32: 2001002 | B32: SONDAGEM COM EXTRAÇÃO DE AMOSTRAS NAS CONDIÇÕES NATURAIS | C32: UN | D32: 157.68
A33: 2002000 | B33: SONDAGEM A PERCUSSÃO | C33: . | D33: .
A34: 2002002 | B34: MOBILIZAÇÃO E INSTALAÇÃO DE 1 EQUIPAMENTO | C34: UN | D34: 721.52
A35: 2002004 | B35: DESLOCAMENTO DE EQUIPAMENTO ENTRE FUROS EM TERRENO PLANO, CONSIDERANDO A DISTÂNCIA ATÉ 100M | C35: UN | D35: 99.63
A36: 2002005 | B36: DESLOCAMENTO DE EQUIPAMENTO ENTRE FUROS EM TERRENO PLANO, CONSIDERANDO A DISTÂNCIA DE 100 À 200M | C36: UN | D36: 199.27
A37: 2002006 | B37: DESLOCAMENTO DE EQUIPAMENTO ENTRE FUROS EM TERRENO PLANO, CONSIDERANDO A DISTÂNCIA ACIMA DE 200M | C37: UN | D37: 298.91
A38: 2002007 | B38: DESLOCAMENTO DE EQUIPAMENTO EM TERRENO ACIDENTADO, CONSIDERANDO A DISTÂNCIA ATÉ 50M | C38: UN | D38: 99.63
A39: 2002008 | B39: DESLOCAMENTO DE EQUIPAMENTO EM TERRENO ACIDENTADO, CONSIDERANDO A DISTÂNCIA ACIMA DE 50M | C39: UN | D39: 175.16
A40: 2002009 | B40: EXECUÇÃO DE PLATAFORMA EM TERRENO ALAGADIÇO OU ACIDENTADO | C40: UN | D40: 221.16
A41: 2002010 | B41: PERFURAÇÃO E EXECUÇÃO DE ENSAIO PENETOMÉTRICO OU DE LAVAGEM POR TEMPO | C41: M | D41: 143.27
A42: 2003000 | B42: SONDAGEM ROTATIVA | C42: . | D42: .
A43: 2003001 | B43: MOBILIZAÇÃO E INSTALAÇÃO DE 1 EQUIPAMENTO, CONSIDERANDO A DISTÂNCIA ATÉ 10KM | C43: UN | D43: 453.18
A44: 2003002 | B44: MOBILIZAÇÃO E INSTALAÇÃO DE 1 EQUIPAMENTO, CONSIDERANDO A DISTÂNCIA DE 10 À 20KM | C44: UN | D44: 711.9
A45: 2003003 | B45: MOBILIZAÇÃO E INSTALAÇÃO DE 1 EQUIPAMENTO, CONSIDERANDO A DISTÂNCIA ACIMA DE 20KM | C45: UN | D45: 970.62
A46: 2003005 | B46: DESLOCAMENTO DE EQUIPAMENTO ENTRE FUROS EM TERRENO PLANO, CONSIDERANDO A DISTÂNCIA ATÉ 100M | C46: UN | D46: 194.46
A47: 2003006 | B47: DESLOCAMENTO DE EQUIPAMENTO ENTRE FUROS EM TERRENO PLANO, CONSIDERANDO A DISTÂNCIA DE 100 À 200M | C47: UN | D47: 291.69
A48: 2003007 | B48: DESLOCAMENTO DE EQUIPAMENTO ENTRE FUROS EM TERRENO PLANO, CONSIDERANDO A DISTÂNCIA ACIMA DE 200M | C48: UN | D48: 388.92
A49: 2003008 | B49: DESLOCAMENTO DE EQUIPAMENTO ENTRE FUROS EM TERRENO ACIDENTADO, CONSIDERANDO A DISTÂNCIA ATÉ 50M | C49: UN | D49: 194.46
A50: 2003009 | B50: DESLOCAMENTO DE EQUIPAMENTO ENTRE FUROS EM TERRENO ACIDENTADO, CONSIDERANDO A DISTÂNCIA ACIMA DE 50M | C50: UN | D50: 291.69
A51: 2003010 | B51: EXECUÇÃO DE PLATAFORMA EM TERRENO ALAGADIÇO OU ACIDENTADO | C51: UN | D51: 489.64
A52: 2003011 | B52: PERFURAÇÃO EM SOLOS OU ROCHAS DECOMPOSTAS HX | C52: M | D52: 226.07
A53: 2003012 | B53: PERFURAÇÃO EM SOLOS OU ROCHAS DECOMPOSTAS NX | C53: M | D53: 225.55
A54: 2003013 | B54: PERFURAÇÃO EM SOLOS OU ROCHAS DECOMPOSTAS BX | C54: M | D54: 225
... A57: 2003016 | B57: PERFURAÇÃO EM ROCHA DURA OU EXTRA-DURA (GRANITOS, GNAISSES, QUARTZITOS E ROCHAS AFINS), ACRÉSCIMO DE... (EM RELAÇÃO AO PREÇO DA PERFURAÇÃO EM SOLOS OU ROCHAS DECOMPOSTAS) | C57: % | D57: 300
A58: 2004000 | B58: POÇOS DE INSPEÇÃO | C58: . | D58: .
A59: 2004001 | B59: EXECUÇÃO DE POÇO COM 1M2 DE ÁREA | C59: M | D59: 111.13
A60: 2004002 | B60: EXECUÇÃO E MATERIAL PARA ESCORAMENTO | C60: M | D60: 622.91
A61: 2004003 | B61: REATERRO DO POÇO | C61: M | D61: 9.64
A62: 2005000 | B62: ENSAIOS "IN SITU" | C62: . | D62: .
A63: 2005003 | B63: INSTALAÇÃO DE MEDIDOR DE NÍVEL D'ÁGUA | C63: M | D63: 115.53
A64: 2005004 | B64: INSTALAÇÃO DE PIEZOMETRO | C64: M | D64: 264.34
A65: 2006000 | B65: ENSAIOS DE LABORATÓRIO | C65: . | D65: .
A66: 2006001 | B66: ENSAIOS DE LABORATÓRIO - UMIDADE NATURAL | C66: ENS. | D66: 28.39
A67: 2006002 | B67: ENSAIOS DE LABORATÓRIO - LIMITE DE LIQUIDEZ | C67: ENS. | D67: 113.84
A68: 2006003 | B68: ENSAIOS DE LABORATÓRIO - PLASTICIDADE | C68: ENS. | D68: 92.18
A69: 2006004 | B69: ENSAIOS DE LABORATÓRIO - COMPACTAÇÃO | C69: ENS. | D69: 303.1
A70: 2006005 | B70: ENSAIOS DE LABORATÓRIO - GRANULOMETRIA | C70: ENS. | D70: 191.39
A71: 2006006 | B71: ENSAIOS DE LABORATÓRIO - PROCTOR SIMPLES | C71: ENS. | D71: 339.73
A72: 2006007 | B72: ENSAIOS DE LABORATÓRIO - CBR MOLDADO | C72: ENS. | D72: 285.77
A73: 2006008 | B73: ENSAIOS DE LABORATÓRIO - ENSAIO DE CBR INDEFORMADO | C73: ENS. | D73: 225.89
A74: 2006009 | B74: ENSAIOS DE LABORATÓRIO - CBR-5 PONTOS (MOLDADO) | C74: ENS. | D74: 719.5
A75: 2006010 | B75: ENSAIOS DE LABORATÓRIO - CBR-5 PONTOS (INDEFORMADO) | C75: ENS. | D75: 524.99
A76: 2006011 | B76: ENSAIOS DE LABORATÓRIO - LOS ANGELES | C76: ENS. | D76: 627.51
A77: 2006013 | B77: ENSAIOS DE LABORATÓRIO - DURABILIDADE | C77: ENS. | D77: 672.79
... A90: 2006109 | B90: ENSAIOS DE LABORATÓRIO - GRANULOMETRIA COM SEDIMENTAÇÃO | C90: UN | D90: 285.17
A91: 3000000 | B91: PROJETOS, ESTUDOS E SERVIÇOS
A92: 3001000 | B92: DIMENSIONAMENTO DE PAVIMENTO | C92: FURO | D92: 139.1
A93: 3002000 | B93: PROJETO EM PLANTA PARA PAVIMENTAÇÃO DE VIA PÚBLICA COM UMA PISTA | C93: M | D93: 1.61
A94: 3003000 | B94: PROJETO EM PERFIL DE PAVIMENTAÇÃO DE VIA PÚBLICA COM UMA PISTA | C94: M | D94: 0.76
A95: 3004000 | B95: PROJETO HIDRÁULICO DE GALERIA PLUVIAL EM TUBOS | C95: M | D95: 5.33
A96: 3005000 | B96: PROJETO HIDRÁULICO DE GALERIA PLUVIAL MOLDADA EXCLUINDO O PROJETO ESTRUTURAL | C96: M | D96: 11.41
A97: 3006000 | B97: PROJETO HIDRÁULICO DE REFORÇO DE GALERIA EXISTENTE, EM TUBOS | C97: M | D97: 4.79
A98: 3007000 | B98: ESTUDO HIDROLÓGICO DE VIA PÚBLICA INTEGRANTE DE PROGRAMA DE PAVIMENTAÇÃO, QUE VIER A DISPENSAR GALERIA OU EXIGÍ-LA MOLDADA | C98: M | D98: 3.73
A99: 3008000 | B99: ESTUDO HIDROLÓGICO DE VIA PÚBLICA INTEGRANTE DE PROGRAMA DE PAVIMENTAÇÃO E PROJETO HIDRÁULICO, SE NECESSÁRIA GALERIA EM TUBOS | C99: M | D99: 5.48
A100: 3009000 | B100: ESTUDO HIDROLÓGICO DE ÁREA ARRUADA | C100: KM2 | D100: 2424.71
A101: 3010000 | B101: ESTUDO HIDROLÓGICO DE ÁREA NÃO ARRUADA | C101: KM2 | D101: 1064.92
A102: 3011000 | B102: ESTUDO HIDRÁULICO DE VIA SITUADA EM ÁREA, OBJETO DE ESTUDO HIDROLÓGICO | C102: M | D102: 3.26
A103: 3012000 | B103: ESTUDO HIDROLÓGICO E VERIFICAÇÃO DA SUFICIÊNCIA DE GALERIA EXISTENTE, EM TUBOS | C103: M | D103: 4.48
... A105: 3014000 | B105: TRANSCRIÇÃO E ADAPTAÇÃO DE SISTEMAS DE DRENAGEM PROJETADOS EM VIAS PÚBLICAS | C105: M | D105: 1.38
A106: 3015000 | B106: CÁLCULO ESTRUTURAL DE CONCRETO ARMADO PARA PONTES, VIADUTOS, MUROS DE ARRIMO E OBRAS CONGÊNERES - PERCENTAGEM A SER APLICADA AO ORÇAMENTO DA PARTE ESTRUTURAL DA OBRA, USANDO OS PREÇOS UNITÁRIOS DA TABELA DE SIURB | C106: . | D106: .
A107: 3015001 | B107: CÁLCULO ESTRUTURAL DE CONCRETO ARMADO PARA PONTES, VIADUTOS, MUROS DE ARRIMO E OBRAS CONGÊNERES - PERCENTAGEM A SER APLICADA AO ORÇAMENTO DA PARTE ESTRUTURAL DA OBRA, USANDO OS PREÇOS UNITÁRIOS DA TABELA DE SMSO - ATÉ 50M3 | C107: % | D107: 6.75
A108: 3015002 | B108: CÁLCULO ESTRUTURAL DE CONCRETO ARMADO PARA PONTES, VIADUTOS, MUROS DE ARRIMO E OBRAS CONGÊNERES - PERCENTAGEM A SER APLICADA AO ORÇAMENTO DA PARTE ESTRUTURAL DA OBRA, USANDO OS PREÇOS UNITÁRIOS DA TABELA DE SMSO - ATÉ 100M3 | C108: % | D108: 6.12
A109: 3015003 | B109: CÁLCULO ESTRUTURAL DE CONCRETO ARMADO PARA PONTES, VIADUTOS, MUROS DE ARRIMO E OBRAS CONGÊNERES - PERCENTAGEM A SER APLICADA AO ORÇAMENTO DA PARTE ESTRUTURAL DA OBRA, USANDO OS PREÇOS UNITÁRIOS DA TABELA DE SMSO - ATÉ 200M3 | C109: % | D109: 5.76
A110: 3015004 | B110: CÁLCULO ESTRUTURAL DE CONCRETO ARMADO PARA PONTES, VIADUTOS, MUROS DE ARRIMO E OBRAS CONGÊNERES - PERCENTAGEM A SER APLICADA AO ORÇAMENTO DA PARTE ESTRUTURAL DA OBRA, USANDO OS PREÇOS UNITÁRIOS DA TABELA DE SMSO - ATÉ 500M3 | C110: % | D110: 5.49
A111: 3015005 | B111: CÁLCULO ESTRUTURAL DE CONCRETO ARMADO PARA PONTES, VIADUTOS, MUROS DE ARRIMO E OBRAS CONGÊNERES - PERCENTAGEM A SER APLICADA AO ORÇAMENTO DA PARTE ESTRUTURAL DA OBRA, USANDO OS PREÇOS UNITÁRIOS DA TABELA DE SMSO - ATÉ 1.000M3 | C111: % | D111: 4.95
A112: 3015006 | B112: CÁLCULO ESTRUTURAL DE CONCRETO ARMADO PARA PONTES, VIADUTOS, MUROS DE ARRIMO E OBRAS CONGÊNERES - PERCENTAGEM A SER APLICADA AO ORÇAMENTO DA PARTE ESTRUTURAL DA OBRA, USANDO OS PREÇOS UNITÁRIOS DA TABELA DE SMSO - ATÉ 2.000M3 | C112: % | D112: 4.5
A113: 3015007 | B113: CÁLCULO ESTRUTURAL DE CONCRETO ARMADO PARA PONTES, VIADUTOS, MUROS DE ARRIMO E OBRAS CONGÊNERES - PERCENTAGEM A SER APLICADA AO ORÇAMENTO DA PARTE ESTRUTURAL DA OBRA, USANDO OS PREÇOS UNITÁRIOS DA TABELA DE SMSO - ATÉ 5.000M3 | C113: % | D113: 4.41
A114: 3015008 | B114: CÁLCULO ESTRUTURAL DE CONCRETO ARMADO PARA PONTES, VIADUTOS, MUROS DE ARRIMO E OBRAS CONGÊNERES - PERCENTAGEM A SER APLICADA AO ORÇAMENTO DA PARTE ESTRUTURAL DA OBRA, USANDO OS PREÇOS UNITÁRIOS DA TABELA DE SMSO - ATÉ 10.000M3 | C114: % | D114: 4.32
A115: 3015009 | B115: CÁLCULO ESTRUTURAL DE CONCRETO ARMADO PARA PONTES, VIADUTOS, MUROS DE ARRIMO E OBRAS CONGÊNERES - PERCENTAGEM A SER APLICADA AO ORÇAMENTO DA PARTE ESTRUTURAL DA OBRA, USANDO OS PREÇOS UNITÁRIOS DA TABELA DE SMSO - ACIMA DE 10.000M3 | C115: % | D115: 4.23
A116: 3016000 | B116: PROJETO ESTRUTURAL DE CONCRETO ARMADO PARA GALERIA MOLDADA, EM MÓDULOS DE 10M DE EXTENSÃO, PODENDO AS FUNDAÇÕES SEREM DIRETAS, SOBRE ESTACAS OU AMBAS AS SOLUÇÕES, APLICA-SE OS PERCENTUAIS DO ITEM 3.15 PARA MÓDULO; PARA REPETIÇÃO DE MÓDULOS ADOTA-SE: | C116: . | D116: .
A117: 3016001 | B117: PROJETO ESTRUTURAL DE CONCRETO ARMADO PARA GALERIA MOLDADA, EM MÓDULOS DE 10M DE EXTENSÃO, PODENDO AS FUNDAÇÕES SEREM DIRETAS, SOBRE ESTACAS OU AMBAS AS SOLUÇÕES, APLICA-SE OS PERCENTUAIS DO ITEM 3.15 PARA MÓDULO; PARA REPETIÇÃO DE MÓDULOS ADOTA-SE 1 A 5 REPETIÇÕES | C117: % | D117: 25N
A118: 3016002 | B118: PROJETO ESTRUTURAL DE CONCRETO ARMADO PARA GALERIA MOLDADA, EM MÓDULOS DE 10M DE EXTENSÃO, PODENDO AS FUNDAÇÕES SEREM DIRETAS, SOBRE ESTACAS OU AMBAS AS SOLUÇÕES, APLICA-SE OS PERCENTUAIS DO ITEM 3.15 PARA MÓDULO; PARA REPETIÇÃO DE MÓDULOS ADOTA-SE 6 A 10 REPETIÇÕES | C118: % | D118: 25+20N
A119: 3016003 | B119: PROJETO ESTRUTURAL DE CONCRETO ARMADO PARA GALERIA MOLDADA, EM MÓDULOS DE 10M DE EXTENSÃO, PODENDO AS FUNDAÇÕES SEREM DIRETAS, SOBRE ESTACAS OU AMBAS AS SOLUÇÕES, APLICA-SE OS PERCENTUAIS DO ITEM 3.15 PARA MÓDULO; PARA REPETIÇÃO DE MÓDULOS ADOTA-SE 11 A 20 REPETIÇÕES | C119: % | D119: 75+15N
A120: 3016004 | B120: PROJETO ESTRUTURAL DE CONCRETO ARMADO PARA GALERIA MOLDADA, EM MÓDULOS DE 10M DE EXTENSÃO, PODENDO AS FUNDAÇÕES SEREM DIRETAS, SOBRE ESTACAS OU AMBAS AS SOLUÇÕES, APLICA-SE OS PERCENTUAIS DO ITEM 3.15 PARA MÓDULO; PARA REPETIÇÃO DE MÓDULOS ADOTA-SE 21 A 40 REPETIÇÕES | C120: % | D120: 175+10N
A121: 3016005 | B121: PROJETO ESTRUTURAL DE CONCRETO ARMADO PARA GALERIA MOLDADA, EM MÓDULOS DE 10M DE EXTENSÃO, PODENDO AS FUNDAÇÕES SEREM DIRETAS, SOBRE ESTACAS OU AMBAS AS SOLUÇÕES, APLICA-SE OS PERCENTUAIS DO ITEM 3.15 PARA MÓDULO; PARA REPETIÇÃO DE MÓDULOS ADOTA-SE 41 EM DIANTE | C121: % | D121: 375+5N
A122: 3018000 | B122: VISTORIA TÉCNICA DE VIAS DE PROGRAMA DE PAVIMENTAÇÃO | C122: M/VIA | D122: 4.29
A123: 3019000 | B123: PLANILHA DE QUANTIDADE DE SERVIÇOS DE VIAS DO PROGRAMA DE PAVIMENTAÇÃO | C123: M/VIA | D123: 3.05
A124: 3020000 | B124: CÓPIA XEROX EM TAMANHO OFÍCIO, UMA FACE, PRETO E BRANCO | C124: UN | D124: 1.55
A125: 3020001 | B125: CÓPIA XEROX TAMANHO OFÍCIO UMA FACE COLORIDA | C125: UN | D125: 2.43
A126: 3020002 | B126: CÓPIA XEROX TAMANHO A3 UMA FACE-PRETO E BRANCO | C126: UN | D126: 1.56
A127: 3020003 | B127: CÓPIA XEROX TAMANHO A3 UMA FACE COLORIDA | C127: UN | D127: 5.51
A128: 3020004 | B128: CÓPIA XEROX PRETO E BRANCO | C128: M2 | D128: 15.55
...

Sheet ADEQUAÇÃO FDE
C1: PREFEITURA MUNICIPAL DE SÃO CAETANO DO SUL
C2: SECRETARIA DE OBRAS E HABITAÇÃO - SEOHAB
C3: OBRAS PÚBLICAS - DO2
C5: ADEQUAÇÃO DE BDI DE SERVIÇOS RETIRADOS DA PLANILHA FDE | H5: Converter planilha PDF FDE no site pdf2go.com
F7: BDI DO BOLETIM FDE: | G7: 0.23
A8: ORIGEM | B8: CÓDIGO | C8: DESCRITIVO DO ITEM | D8: UN | E8: VALOR UNIT. C/ BDI | F8: APLICAÇÃO DO DESCONTO | G8: VALOR UNIT. S/BDI
A9: FDE | C9: =UPPER(VLOOKUP($B9,FDE!$A$1:$G$3727,2,FALSE)) -> #N/A | D9: =UPPER(VLOOKUP($B9,FDE!$A$3:$G$3727,3,FALSE)) -> #N/A | E9: =UPPER(VLOOKUP($B9,FDE!$A$3:$G$3727,4,FALSE)) -> #N/A | F9: =E9-G9 -> #N/A | G9: =ROUND(E9/(1+$G$7),2) -> #N/A

Sheet FDE
D3: LS 71,27
A5: Data Base 07/2023 | D5: BDI 19,5
A7: Serviço | B7: Descrição
A9: 01.01.001 | B9: RETIRANDO A VEGETACAO, TRONCOS ATE 5CM DE DIAMETRO E RASPAGEM. | C9: M2 | D9: 3,67
A11: 01.01.010 | B11: CORTE, RECORTE E REMOCAO DE ARVORES INCL RAIZES DIAM>5<15CM | C11: UN | D11: 147,25
A12: 01.01.021 | B12: CORTE, RECORTE E REMOÇÃO DE ÁRVORES INCL.RAIZES 15CM<DIAM<30CM | C12: UN | D12: 892,02
A13: 01.01.022 | B13: CORTE, RECORTE E REMOÇÃO DE ÁRVORES INCL.RAIZES 30CM<DIAM<45CM | C13: UN | D13: 2677,88
A14: 01.01.023 | B14: CORTE, RECORTE E REMOÇÃO DE ÁRVORES INCL.RAIZES 45CM<DIAM<60CM | C14: UN | D14: 4673,36
A15: 01.01.024 | B15: CORTE, RECORTE E REMOÇÃO DE ÁRVORES INCL.RAIZES 60CM<DIAM<100CM | C15: UN | D15: 9174,09
A16: 01.01.025 | B16: CORTE, RECORTE E REMOÇÃO DE ÁRVORES INCL.RAIZES DIAM >100CM | C16: UN | D16: 12903,06
A17: 01.01.030 | B17: CORTE RASO , RECORTE E REMOÇÃO DE ÁRVORES 5CM<DIAM<15CM | C17: UN | D17: 110,46
A18: 01.01.031 | B18: CORTE RASO, RECORTE E REMOÇÃO DE ÁRVORES 15CM<DIAM<30CM | C18: UN | D18: 622,73
A19: 01.01.032 | B19: CORTE RASO, RECORTE E REMOÇÃO DE ÁRVORES 30CM<DIAM<45CM | C19: UN | D19: 2139,29
A20: 01.01.033 | B20: CORTE RASO, RECORTE E REMOÇÃO DE ÁRVORES 45CM<DIAM<60CM | C20: UN | D20: 3865,48
A21: 01.01.034 | B21: CORTE RASO, RECORTE E REMOÇÃO DE ÁRVORES 60CM<DIAM<100CM | C21: UN | D21: 8096,92
... A53: 01.08.014 | B53: TUBO PVC OCRE JUNTA ELÁSTICA DN 100 INCLUSIVE CONEXÕES - ENTERRADO | C53: M | D53: 86,69
A55: 04/08/2023 10:54:14
A63: Data Base 07/2023
A65: Serviço | B65: Descrição
A67: 01.08.015 | B67: TUBO PVC OCRE JUNTA ELÁSTICA DN 150 INCLUSIVE CONEXÕES - ENTERRADO | C67: M | D67: 136,52
A69: 01.08.032 | B69: TUBO DRENO PLASTICO CORRUGADO PERFURADO DE 100MM EM BARRAS | C69: M | D69: 137,52
A70: 01.08.033 | B70: TUBO DRENO PLASTICO CORRUGADO PERFURADO DE 150MM EM BARRAS | C70: M | D70: 170,82
A71: 01.08.034 | B71: MANTA GEOTÊXTIL NÃO TECIDO AGULHADO 100% POLIESTER, RT 10 | C71: M2 | D71: 18,19
A72: 01.08.035 | B72: MANTA GEOTÊXTIL NÃO TECIDO AGULHADO 100% POLIESTER, RT 21 | C72: M2 | D72: 20,64
A73: 01.08.036 | B73: MANTA GEOTÊXTIL NÃO TECIDO AGULHADO 100% POLIESTER, RT 31 | C73: M2 | D73: 28,59
A74: 01.08.040 | B74: ENVOLVIMENTO DE DRENOS COM PEDRA BRITADA | C74: M3 | D74: 217,25
A75: 01.08.041 | B75: ENVOLVIMENTO DE DRENOS COM AREIA GROSSA | C75: M3 | D75: 233,54
A76: 01.08.044 | B76: FORNEC E INST DE DHP EM FUROS DE 100MM C/TUBO PVC 1 1/2" INCL TXS INST | C76: M | D76: 335,29
A77: 01.08.045 | B77: FORNEC E INST DE DHP EM FUROS DE 100MM C/TUBO PVC 2" INCL TXS INST | C77: M | D77: 360,35
A78: 01.08.050 | B78: CAIXA DE LIGACAO OU INSPECAO - ALVENARIA DE 1/2 TIJOLO REVESTIDA | C78: M2 | D78: 237,74
A79: 01.08.051 | B79: CAIXA DE LIGACAO OU INSPECAO - ALVENARIA DE 1 TIJOLO REVESTIDA | C79: M2 | D79: 378,99
... A116: 02.02.026 | B116: BROCA DE CONCRETO DE DIAMETRO 25CM - INCL ARRANQUES | C116: M | D116: 85,87
A118: 04/08/2023 10:54:14
A126: Data Base 07/2023
A128: Serviço | B128: Descrição
A130: 02.02.027 | B130: BROCA DE CONCRETO DE DIAMETRO 30CM - INCL ARRANQUES | C130: M | D130: 128,31
A132: 02.02.035 | B132: ESTACAS TIPO STRAUSS DIAM 25CM | C132: M | D132: 85,23
A133: 02.02.036 | B133: ESTACAS TIPO STRAUSS DIAM 32CM | C133: M | D133: 112,91
A134: 02.02.037 | B134: ESTACAS TIPO STRAUSS DIAM 38CM | C134: M | D134: 140,09
A135: 02.02.038 | B135: ESTACAS TIPO STRAUSS DIAM 45CM | C135: M | D135: 207,54
A136: 02.02.070 | B136: ESTACA TIPO HELICE DN 25CM | C136: M | D136: 79,70
A137: 02.02.071 | B137: ESTACA TIPO HELICE DN 30CM | C137: M | D137: 98,16
A138: 02.02.072 | B138: ESTACA TIPO HELICE DN 35CM | C138: M | D138: 121,13
A139: 02.02.073 | B139: ESTACA TIPO HELICE DN 40CM | C139: M | D139: 146,50
A140: 02.02.074 | B140: ESTACA TIPO HELICE DN 50CM | C140: M | D140: 201,77
A141: 02.02.075 | B141: ESTACA TIPO HELICE DN 60CM | C141: M | D141: 271,04
A142: 02.02.076 | B142: ESTACA TIPO HELICE DN 70CM | C142: M | D142: 354,52
... A180: 02.05.019 | B180: CONCRETO DOSADO E LANCADO FCK=30MPA | C180: M3 | D180: 632,26
A182: 04/08/2023 10:54:14
A190: Data Base 07/2023
A192: Serviço | B192: Descrição
A194: 02.05.024 | B194: CONCRETO DOSADO,BOMBEADO E LANÇADO FCK=20MPA | C194: M3 | D194: 630,99
A196: 02.05.028 | B196: CONCRETO DOSADO,BOMBEADO E LANCADO FCK=25MPA | C196: M3 | D196: 655,68
A197: 02.05.029 | B197: CONCRETO DOSADO, BOMBEADO E LANCADO FCK=30MPA | C197: M3 | D197: 682,10
A198: 02.05.050 | B198: CONCRETO GROUT, PREPARADO NO LOCAL, LANÇADO E ADENSADO | C198: M3 | D198: 584,32
A199: 02.05.098 | B199: FORNECIMENTO E MONTAGEM DE ESTRUTURA PRE-MOLDADA DE CONCRETO | C199: M3 | D199: 6541,51
A200: 02.05.099 | B200: CONCRETOS | C200: MV | D200: 635,89
A201: 02.06.002 | B201: ALVENARIA EMBASAMENTO TIJOLO BARRO MACIÇO E = 1/2 TIJOLO | C201: M2 | D201: 124,56
A202: 02.06.003 | B202: ALVENARIA EMBASAMENTO TIJOLO BARRO MACIÇO E = 1 TIJOLO | C202: M2 | D202: 225,63
A203: 02.06.020 | B203: ALVENARIA EMBASAMENTO BLOCO CONCRETO ESTRUTURAL 14X19X39CM CLASSE A | C203: M2 | D203: 102,05
A204: 02.06.021 | B204: ALVENARIA EMBASAMENTO BLOCO CONCRETO ESTRUTURAL 19X19X39CM CLASSE A | C204: M2 | D204: 132,38
A205: 02.06.099 | B205: EMBASAMENTOS | C205: MV | D205: 635,89
A206: 02.07.001 | B206: IMPERM RESP ALV EMBAS COM ARGAM CIM-AREIA 1:3 CONTENDO HIDROFUGO | C206: M2 | D206: 57,39
... A234: 03.02.005 | B234: TELA ARMADURA (MALHA ACO CA 60 FYK= 600 M PA) | C234: KG | D234: 14,70
A236: 04/08/2023 10:54:14
A244: Data Base 07/2023
A246: Serviço | B246: Descrição
A248: 03.02.010 | B248: INSERTS EM CANTONEIRAS OU CHAPA AÇO A-36 P/SOLIDARIZAÇÃO DE VIGAS E PILARES | C248: KG | D248: 71,76
A250: 03.02.020 | B250: CONJUNTO DE LUVAS E PINO ROSCAVEL DN 12,5MM P/SOLIDARIZAÇÃO DE VIGA FORNEC. E INST. | C250: UN | D250: 98,34
A251: 03.02.021 | B251: CONJUNTO DE LUVAS E PINO ROSCAVEL DN 16MM P/SOLIDARIZAÇÃO DE VIGA FORNEC. E INST. | C251: UN | D251: 128,32
A252: 03.02.022 | B252: CONJUNTO DE LUVAS E PINO ROSCAVEL DN 20MM P/SOLIDARIZAÇÃO DE VIGA FORNEC. E INST. | C252: UN | D252: 167,26
A253: 03.02.023 | B253: CONJUNTO DE LUVAS E PINO ROSCAVEL DN 25MM P/SOLIDARIZAÇÃO DE VIGA FORNEC. E INST. | C253: UN | D253: 274,59
A254: 03.02.024 | B254: CONJUNTO DE LUVAS E PINO ROSCAVEL DN 32MM P/SOLIDARIZAÇÃO DE VIGA FORNEC. E INST. | C254: UN | D254: 463,59
A255: 03.02.099 | B255: ARMADURAS | C255: MV | D255: 635,89
A256: 03.03.003 | B256: LAJE PRE-FABRICADA UNID C/VIGOTAS PROTENDIDAS LP12-100KGF/M2 | C256: M2 | D256: 214,85
A257: 03.03.005 | B257: LAJE PRE-FABRICADA UNIDIRECIONAL C/VIGOTAS PROTENDIDAS LP12-300KGF/M2 | C257: M2 | D257: 212,86
A258: 03.03.006 | B258: LAJE PRE-FABRICADA UNIDIRECIONAL C/VIGOTAS PROTENDIDAS LP16-100KGF/M2 | C258: M2 | D258: 231,13
A259: 03.03.007 | B259: LAJE PRE-FABRICADA UNIDIRECIONAL C/VIGOTAS PROTENDIDAS LP16-300KGF/M2 | C259: M2 | D259: 238,28
A260: 03.03.008 | B260: LAJE PRE-FABRICADA UNIDIRECIONAL C/VIGOTAS PROTENDIDAS LP20-100KGF/M2 | C260: M2 | D260: 249,83
... A294: 03.03.067 | B294: LAJE PRE-FABRICADA PRE-LAJE TRELICADA BIDIR C/ EPS PLT25-500KGF/M2 | C294: M2 | D294: 446,55
A296: 04/08/2023 10:54:14
A304: Data Base 07/2023
A306: Serviço | B306: Descrição
A308: 03.03.080 | B308: REFORÇO PARA LAJE PRÉ-FABRICADA | C308: M | D308: 95,56
A310: 03.03.082 | B310: LAJE PRE-FABRICADA PRE-LAJE TRELICADA UNIDIR C/ EPS PLT12-100KGF/M2 | C310: M2 | D310: 259,64
A311: 03.03.083 | B311: LAJE PRE-FABRICADA PRE-LAJE TRELICADA UNIDIR C/ EPS PLT16-100KGF/M2 | C311: M2 | D311: 320,46
A312: 03.03.084 | B312: LAJE PRE-FABRICADA PRE-LAJE TRELICADA UNIDIR C/ EPS PLT16-300KGF/M2 | C312: M2 | D312: 280,46
A313: 03.03.085 | B313: LAJE PRE-FABRICADA PRE-LAJE TRELICADA UNIDIR C/ EPS PLT20-100KGF/M2 | C313: M2 | D313: 359,66
A314: 03.03.086 | B314: LAJE PRE-FABRICADA PRE-LAJE TRELICADA UNIDIR C/ EPS PLT20-300KGF/M2 | C314: M2 | D314: 314,61
A315: 03.03.087 | B315: LAJE PRE-FABRICADA PRE-LAJE TRELICADA UNIDIR C/ EPS PLT20-500KGF/M2 | C315: M2 | D315: 416,06
A316: 03.03.088 | B316: LAJE PRE-FABRICADA PRE-LAJE TRELICADA UNIDIR C/ EPS PLT25-300KGF/M2 | C316: M2 | D316: 360,15
A317: 03.03.089 | B317: LAJE PRE-FABRICADA PRE-LAJE TRELICADA UNIDIR C/ EPS PLT25-500KGF/M2 | C317: M2 | D317: 383,28
A318: 03.03.095 | B318: FORNEC. E MONTAGEM DE VIGA PROTENDIDA PRÉ-MOLDADA DE CONCRETO | C318: M3 | D318: 7523,51
A319: 03.03.098 | B319: FORNECIMENTO E MONTAGEM DE ESTRUTURA PRE-MOLDADA DE CONCRETO | C319: M3 | D319: 6541,51
A320: 03.03.099 | B320: CONCRETOS | C320: MV | D320: 635,89
... A354: 04.01.045 | B354: CONCRETO GROUT, PREPARADO NO LOCAL, LANÇADO E ADENSADO | C354: M3 | D354: 584,32
A356: 04/08/2023 10:54:14
A364: Data Base 07/2023
A366: Serviço | B366: Descrição
A368: 04.01.046 | B368: ARMADURA CA 50 PARA PAREDE AUTO-PORTANTE | C368: KG | D368: 14,89
...

Sheet ADEQUAÇÃO DER
C1: PREFEITURA MUNICIPAL DE SÃO CAETANO DO SUL
C2: SECRETARIA DE OBRAS E HABITAÇÃO - SEOHAB
C3: OBRAS PÚBLICAS - DO2
C5: ADEQUAÇÃO DE BDI DE SERVIÇOS RETIRADOS DA PLANILHA DER | H5: VERIFICAR BDI DA PUBLICAÇÃO DO DER
F7: BDI DO BOLETIM DER: | G7: 0.35
A8: ORIGEM | B8: CÓDIGO | C8: DESCRITIVO DO ITEM | D8: UN | E8: VALOR UNIT. C/ BDI | F8: APLICAÇÃO DO DESCONTO | G8: VALOR UNIT. S/BDI
A9: DER | C9: =UPPER(VLOOKUP($B9,DER!$A$1:$G$3727,2,FALSE)) -> #N/A | D9: =UPPER(VLOOKUP($B9,DER!$A$3:$G$3727,3,FALSE)) -> #N/A | E9: =UPPER(VLOOKUP($B9,DER!$A$3:$G$3727,4,FALSE)) -> #N/A | F9: =E9-G9 -> #N/A | G9: =ROUND(E9/(1+$G$7),2) -> #N/A

Sheet DER
A1: SECRETARIA DE LOGÍSTICA E TRANSPORTES
A2: DEPARTAMENTO DE ESTRADAS DE RODAGEM DO ESTADO DE SÃO PAULO
A4: TABELA DE PREÇOS UNITÁRIOS NÃO DESONERADOS
A5: Atendendo à Lei Federal nº 13.161 de 31/08/2015
A6: Data de Referência: 31/03/2022
A9: Subitem | B9: Descrição | C9: Unidade | D9: Preço Unitário
A11: 21.01.01 | B11: SONDAGEM A PERCUSSAO ATE 15M | C11: m | D11: 176.4
A12: 21.01.02 | B12: SONDAGEM A PERC. ATE 15M LOC. ALAG.<50CM | C12: m | D12: 194.5
A13: 21.01.03 | B13: SONDAGEM A PERCUSSAO DE 15 A 30M | C13: m | D13: 167.95
A14: 21.01.04 | B14: SONDAGEM A PERC.15A30M LOC.ALAG.<50CM | C14: m | D14: 229.19
A15: 21.01.05 | B15: SONDAGEM PERCUSSAO SUPERIOR A 30M | C15: m | D15: 190.33
A16: 21.01.06 | B16: SONDAGEM PERC.+30M LOC.ALAG.<50CM | C16: m | D16: 259.68
A17: 21.01.07 | B17: TAXA FIXA INSTALACAO SONDAGEM PERCUSSAO | C17: un | D17: 1504.26
A18: 21.01.08 | B18: TAXA FIXA INSTALACAO SONDAGEM ROTATIVA | C18: un | D18: 5109.45
A19: 21.01.09 | B19: TRANSPORTE DE EQUIPAMENTO DE SONDAGEM | C19: km*equip | D19: 15.29
A20: 21.01.10 | B20: DESLOCAMENTO DE EQUIPAMENTO DE SONDAGEM | C20: m | D20: 10.91
A21: 21.01.11 | B21: PLATAFORMA OU BANQUETA SOND.PERCUSSAO | C21: equip | D21: 2371.46
A22: 21.01.12 | B22: PLATAFORMA OU BANQUETA P/ SOND. ROTATIVA | C22: equip | D22: 2613.2
... A2140: 72.74.01.04 | B2140: SISTEMA DE INSPECAO INTERNA DE TUBULACOES COMP.POR UNID.DE CONTROL.SOFTWARE | C2140: hora | D2140: 45.24
A2142: Data da Atualização: 03/05/2022

Sheet DNIT-SICRO
A1: CGCIT | B1: SISTEMA DE CUSTOS REFERENCIAIS DE OBRAS - SICRO | D1: DNIT
B2: São Paulo - Abril/2023
A3: Código | B3: Descrição do Serviço | C3: Unidade | D3: Custo Unitário (R$)
A4: 0307731 | B4: Aparelho de apoio de neoprene fretado para estruturas moldadas no local - fornecimento e instalação | C4: dm³ | D4: 113.26
A5: 0307732 | B5: Aparelho de apoio de neoprene fretado para estruturas pré-moldadas - fornecimento e instalação | C5: dm³ | D5: 87.3
A6: 0308308 | B6: Aparelho de apoio metálico elastomérico fixo com capacidade de 1.500 kN - fornecimento e instalação | C6: un | D6: 14211.9
A7: 0308313 | B7: Aparelho de apoio metálico elastomérico fixo com capacidade de 10.000 kN - fornecimento e instalação | C7: un | D7: 93011.22
A8: 0308309 | B8: Aparelho de apoio metálico elastomérico fixo com capacidade de 2.500 kN - fornecimento e instalação | C8: un | D8: 23207.1
A9: 0308310 | B9: Aparelho de apoio metálico elastomérico fixo com capacidade de 4.000 kN - fornecimento e instalação | C9: un | D9: 37375.2
A10: 0308311 | B10: Aparelho de apoio metálico elastomérico fixo com capacidade de 5.500 kN - fornecimento e instalação | C10: un | D10: 50150.67
A11: 0308312 | B11: Aparelho de apoio metálico elastomérico fixo com capacidade de 7.500 kN - fornecimento e instalação | C11: un | D11: 68786.84
A12: 0308307 | B12: Aparelho de apoio metálico elastomérico fixo com capacidade de 700 kN - fornecimento e instalação | C12: un | D12: 9555.17
A13: 0308322 | B13: Aparelho de apoio metálico elastomérico multidirecional com capacidade de 1.500 kN - fornecimento e instalação | C13: un | D13: 8614.31
A14: 0308327 | B14: Aparelho de apoio metálico elastomérico multidirecional com capacidade de 10.000 kN - fornecimento e instalação | C14: un | D14: 55923.3
A15: 0308323 | B15: Aparelho de apoio metálico elastomérico multidirecional com capacidade de 2.500 kN - fornecimento e instalação | C15: un | D15: 11964.18
... A6354: 7119700 | B6354: Tratamento superficial e pintura das obras vivas e mortas externas do flutuante (fundo, costados e espelhos de proa e popa) | C6354: m² | D6354: 54.36

Sheet DADOS E VALIDAÇÕES (ocultar)
A1: Nível de Sigilo
A2: INTERNO
A3: RESERVADO
A4: PÚBLICO
A5: LICITAÇÃO
A7: Tipos de Licitação
A8: DISPENSA DE PROCESSO LICITATÓRIO
A9: CONVITE
A10: TOMADA DE PREÇOS
A11: CONCORRÊNCIA PÚBLICA
A13: Secretarias
A14: PGM | D14: SIM
A15: SEAIS | D15: NÃO
A16: SECULT
A17: SEDEF | D17: SIM
A18: SEDET | D18: NÃO
A19: SEEDUC | D19: NÃO NECESSÁRIO
A20: SEFAZ
A21: SEGOV | D21: X
A22: SEJUR
A23: SELJ
A24: SEMOB
A25: SEOHAB
A26: SEPLAG
A27: SESAUD
A28: SESEG
A29: SESURB
